%YAML 1.1
%TAG !u! tag:unity3d.com,2011:
--- !u!1 &5183807869526266
GameObject:
  m_ObjectHideFlags: 0
  m_CorrespondingSourceObject: {fileID: 0}
  m_PrefabInstance: {fileID: 0}
  m_PrefabAsset: {fileID: 0}
  serializedVersion: 6
  m_Component:
  - component: {fileID: 2927213176894868385}
  m_Layer: 0
  m_Name: GameObject
  m_TagString: Untagged
  m_Icon: {fileID: 0}
  m_NavMeshLayer: 0
  m_StaticEditorFlags: 0
  m_IsActive: 1
--- !u!4 &2927213176894868385
Transform:
  m_ObjectHideFlags: 0
  m_CorrespondingSourceObject: {fileID: 0}
  m_PrefabInstance: {fileID: 0}
  m_PrefabAsset: {fileID: 0}
  m_GameObject: {fileID: 5183807869526266}
  m_LocalRotation: {x: 0, y: 0, z: 0, w: 1}
  m_LocalPosition: {x: 0, y: 0, z: 0}
  m_LocalScale: {x: 1, y: 1, z: 1}
  m_Children: []
  m_Father: {fileID: 6264772982087664369}
  m_RootOrder: 0
  m_LocalEulerAnglesHint: {x: 0, y: 0, z: 0}
--- !u!1 &223703643331077657
GameObject:
  m_ObjectHideFlags: 0
  m_CorrespondingSourceObject: {fileID: 0}
  m_PrefabInstance: {fileID: 0}
  m_PrefabAsset: {fileID: 0}
  serializedVersion: 6
  m_Component:
  - component: {fileID: 3443479298516834568}
  m_Layer: 0
  m_Name: GameObject
  m_TagString: Untagged
  m_Icon: {fileID: 0}
  m_NavMeshLayer: 0
  m_StaticEditorFlags: 0
  m_IsActive: 1
--- !u!4 &3443479298516834568
Transform:
  m_ObjectHideFlags: 0
  m_CorrespondingSourceObject: {fileID: 0}
  m_PrefabInstance: {fileID: 0}
  m_PrefabAsset: {fileID: 0}
  m_GameObject: {fileID: 223703643331077657}
  m_LocalRotation: {x: 0, y: 0, z: 0, w: 1}
  m_LocalPosition: {x: 0, y: 0, z: 0}
  m_LocalScale: {x: 1, y: 1, z: 1}
  m_Children: []
  m_Father: {fileID: 6517741871049591495}
  m_RootOrder: 0
  m_LocalEulerAnglesHint: {x: 0, y: 0, z: 0}
--- !u!1 &395556540727201462
GameObject:
  m_ObjectHideFlags: 0
  m_CorrespondingSourceObject: {fileID: 0}
  m_PrefabInstance: {fileID: 0}
  m_PrefabAsset: {fileID: 0}
  serializedVersion: 6
  m_Component:
  - component: {fileID: 3354308222447278013}
  m_Layer: 0
  m_Name: GameObject (1)
  m_TagString: Untagged
  m_Icon: {fileID: 0}
  m_NavMeshLayer: 0
  m_StaticEditorFlags: 0
  m_IsActive: 1
--- !u!4 &3354308222447278013
Transform:
  m_ObjectHideFlags: 0
  m_CorrespondingSourceObject: {fileID: 0}
  m_PrefabInstance: {fileID: 0}
  m_PrefabAsset: {fileID: 0}
  m_GameObject: {fileID: 395556540727201462}
  m_LocalRotation: {x: 0, y: 0, z: 0, w: 1}
  m_LocalPosition: {x: 0, y: 0, z: -3.5}
  m_LocalScale: {x: 1, y: 1, z: 1}
  m_Children: []
  m_Father: {fileID: 6264772982087664369}
  m_RootOrder: 1
  m_LocalEulerAnglesHint: {x: 0, y: 0, z: 0}
--- !u!1 &3333859744873955705
GameObject:
  m_ObjectHideFlags: 0
  m_CorrespondingSourceObject: {fileID: 0}
  m_PrefabInstance: {fileID: 0}
  m_PrefabAsset: {fileID: 0}
  serializedVersion: 6
  m_Component:
  - component: {fileID: 2455952233635356504}
  m_Layer: 0
  m_Name: GameObject (1)
  m_TagString: Untagged
  m_Icon: {fileID: 0}
  m_NavMeshLayer: 0
  m_StaticEditorFlags: 0
  m_IsActive: 1
--- !u!4 &2455952233635356504
Transform:
  m_ObjectHideFlags: 0
  m_CorrespondingSourceObject: {fileID: 0}
  m_PrefabInstance: {fileID: 0}
  m_PrefabAsset: {fileID: 0}
  m_GameObject: {fileID: 3333859744873955705}
  m_LocalRotation: {x: 0, y: 0, z: 0, w: 1}
  m_LocalPosition: {x: 3.5, y: 0, z: 0}
  m_LocalScale: {x: 1, y: 1, z: 1}
  m_Children: []
  m_Father: {fileID: 6517741871049591495}
  m_RootOrder: 1
  m_LocalEulerAnglesHint: {x: 0, y: 0, z: 0}
--- !u!1 &8996283925310200125
GameObject:
  m_ObjectHideFlags: 0
  m_CorrespondingSourceObject: {fileID: 0}
  m_PrefabInstance: {fileID: 0}
  m_PrefabAsset: {fileID: 0}
  serializedVersion: 6
  m_Component:
  - component: {fileID: 7892656363077000868}
  - component: {fileID: 17914220715809761}
  m_Layer: 0
  m_Name: Part_05
  m_TagString: Untagged
  m_Icon: {fileID: 0}
  m_NavMeshLayer: 0
  m_StaticEditorFlags: 0
  m_IsActive: 1
--- !u!4 &7892656363077000868
Transform:
  m_ObjectHideFlags: 0
  m_CorrespondingSourceObject: {fileID: 0}
  m_PrefabInstance: {fileID: 0}
  m_PrefabAsset: {fileID: 0}
  m_GameObject: {fileID: 8996283925310200125}
  m_LocalRotation: {x: 0, y: 0, z: 0, w: 1}
  m_LocalPosition: {x: -5, y: 0, z: 5}
  m_LocalScale: {x: 1, y: 1, z: 1}
  m_Children:
  - {fileID: 4457193137219715591}
  - {fileID: 70250797817801807}
  - {fileID: 2788570928909627096}
  - {fileID: 6187765014047844702}
  - {fileID: 1936023668696178451}
  - {fileID: 7369691750958473295}
  - {fileID: 4922912426729535494}
  - {fileID: 1679340418498269097}
  - {fileID: 8145344078879345394}
  - {fileID: 8927669740364351781}
  - {fileID: 6806412313602545964}
  - {fileID: 7842472071490546307}
  - {fileID: 418896787510808684}
  - {fileID: 8361963536637662655}
  - {fileID: 1678401562820447787}
  - {fileID: 4018585266671638500}
  - {fileID: 3755491505190346564}
  - {fileID: 5732964926040623475}
  - {fileID: 2070806580267552684}
  - {fileID: 8674370665795170999}
  - {fileID: 2749645471077423471}
  - {fileID: 5982218427721412160}
  - {fileID: 8223028283878745517}
  - {fileID: 6264772982087664369}
  - {fileID: 6517741871049591495}
  - {fileID: 7066041016655296706}
  - {fileID: 6485640167100344374}
  m_Father: {fileID: 0}
  m_RootOrder: 0
  m_LocalEulerAnglesHint: {x: 0, y: 0, z: 0}
--- !u!114 &17914220715809761
MonoBehaviour:
  m_ObjectHideFlags: 0
  m_CorrespondingSourceObject: {fileID: 0}
  m_PrefabInstance: {fileID: 0}
  m_PrefabAsset: {fileID: 0}
  m_GameObject: {fileID: 8996283925310200125}
  m_Enabled: 1
  m_EditorHideFlags: 0
  m_Script: {fileID: 11500000, guid: d1b038f429cd0ed4b8361103a516c882, type: 3}
  m_Name: 
  m_EditorClassIdentifier: 
  length: 225
--- !u!1001 &734748738876797114
PrefabInstance:
  m_ObjectHideFlags: 0
  serializedVersion: 2
  m_Modification:
    m_TransformParent: {fileID: 7892656363077000868}
    m_Modifications:
    - target: {fileID: 3178109674306021834, guid: 1ddf66da12c748c47898c35dd4d37e0e, type: 3}
      propertyPath: m_Name
      value: Platform (24)
      objectReference: {fileID: 0}
    - target: {fileID: 3178109674306021845, guid: 1ddf66da12c748c47898c35dd4d37e0e, type: 3}
      propertyPath: m_LocalPosition.x
      value: -110
      objectReference: {fileID: 0}
    - target: {fileID: 3178109674306021845, guid: 1ddf66da12c748c47898c35dd4d37e0e, type: 3}
      propertyPath: m_LocalPosition.y
      value: 0
      objectReference: {fileID: 0}
    - target: {fileID: 3178109674306021845, guid: 1ddf66da12c748c47898c35dd4d37e0e, type: 3}
      propertyPath: m_LocalPosition.z
      value: 50
      objectReference: {fileID: 0}
    - target: {fileID: 3178109674306021845, guid: 1ddf66da12c748c47898c35dd4d37e0e, type: 3}
      propertyPath: m_LocalRotation.x
      value: -0
      objectReference: {fileID: 0}
    - target: {fileID: 3178109674306021845, guid: 1ddf66da12c748c47898c35dd4d37e0e, type: 3}
      propertyPath: m_LocalRotation.y
      value: -0
      objectReference: {fileID: 0}
    - target: {fileID: 3178109674306021845, guid: 1ddf66da12c748c47898c35dd4d37e0e, type: 3}
      propertyPath: m_LocalRotation.z
      value: -0
      objectReference: {fileID: 0}
    - target: {fileID: 3178109674306021845, guid: 1ddf66da12c748c47898c35dd4d37e0e, type: 3}
      propertyPath: m_LocalRotation.w
      value: 1
      objectReference: {fileID: 0}
    - target: {fileID: 3178109674306021845, guid: 1ddf66da12c748c47898c35dd4d37e0e, type: 3}
      propertyPath: m_RootOrder
      value: 20
      objectReference: {fileID: 0}
    - target: {fileID: 3178109674306021845, guid: 1ddf66da12c748c47898c35dd4d37e0e, type: 3}
      propertyPath: m_LocalEulerAnglesHint.x
      value: 0
      objectReference: {fileID: 0}
    - target: {fileID: 3178109674306021845, guid: 1ddf66da12c748c47898c35dd4d37e0e, type: 3}
      propertyPath: m_LocalEulerAnglesHint.y
      value: 0
      objectReference: {fileID: 0}
    - target: {fileID: 3178109674306021845, guid: 1ddf66da12c748c47898c35dd4d37e0e, type: 3}
      propertyPath: m_LocalEulerAnglesHint.z
      value: 0
      objectReference: {fileID: 0}
    - target: {fileID: 3178109674306021845, guid: 1ddf66da12c748c47898c35dd4d37e0e, type: 3}
      propertyPath: m_LocalScale.x
      value: 10
      objectReference: {fileID: 0}
    - target: {fileID: 3178109674306021845, guid: 1ddf66da12c748c47898c35dd4d37e0e, type: 3}
      propertyPath: m_LocalScale.y
      value: 10
      objectReference: {fileID: 0}
    - target: {fileID: 3178109674306021845, guid: 1ddf66da12c748c47898c35dd4d37e0e, type: 3}
      propertyPath: m_LocalScale.z
      value: 10
      objectReference: {fileID: 0}
    m_RemovedComponents: []
  m_SourcePrefab: {fileID: 100100000, guid: 1ddf66da12c748c47898c35dd4d37e0e, type: 3}
--- !u!4 &2749645471077423471 stripped
Transform:
  m_CorrespondingSourceObject: {fileID: 3178109674306021845, guid: 1ddf66da12c748c47898c35dd4d37e0e, type: 3}
  m_PrefabInstance: {fileID: 734748738876797114}
  m_PrefabAsset: {fileID: 0}
--- !u!1001 &767889666570290957
PrefabInstance:
  m_ObjectHideFlags: 0
  serializedVersion: 2
  m_Modification:
    m_TransformParent: {fileID: 7892656363077000868}
    m_Modifications:
    - target: {fileID: 3178109674306021834, guid: 1ddf66da12c748c47898c35dd4d37e0e, type: 3}
      propertyPath: m_Name
      value: Platform (1)
      objectReference: {fileID: 0}
    - target: {fileID: 3178109674306021845, guid: 1ddf66da12c748c47898c35dd4d37e0e, type: 3}
      propertyPath: m_LocalPosition.x
      value: -20
      objectReference: {fileID: 0}
    - target: {fileID: 3178109674306021845, guid: 1ddf66da12c748c47898c35dd4d37e0e, type: 3}
      propertyPath: m_LocalPosition.y
      value: 0
      objectReference: {fileID: 0}
    - target: {fileID: 3178109674306021845, guid: 1ddf66da12c748c47898c35dd4d37e0e, type: 3}
      propertyPath: m_LocalPosition.z
      value: -20
      objectReference: {fileID: 0}
    - target: {fileID: 3178109674306021845, guid: 1ddf66da12c748c47898c35dd4d37e0e, type: 3}
      propertyPath: m_LocalRotation.x
      value: -0
      objectReference: {fileID: 0}
    - target: {fileID: 3178109674306021845, guid: 1ddf66da12c748c47898c35dd4d37e0e, type: 3}
      propertyPath: m_LocalRotation.y
      value: -0
      objectReference: {fileID: 0}
    - target: {fileID: 3178109674306021845, guid: 1ddf66da12c748c47898c35dd4d37e0e, type: 3}
      propertyPath: m_LocalRotation.z
      value: -0
      objectReference: {fileID: 0}
    - target: {fileID: 3178109674306021845, guid: 1ddf66da12c748c47898c35dd4d37e0e, type: 3}
      propertyPath: m_LocalRotation.w
      value: 1
      objectReference: {fileID: 0}
    - target: {fileID: 3178109674306021845, guid: 1ddf66da12c748c47898c35dd4d37e0e, type: 3}
      propertyPath: m_RootOrder
      value: 2
      objectReference: {fileID: 0}
    - target: {fileID: 3178109674306021845, guid: 1ddf66da12c748c47898c35dd4d37e0e, type: 3}
      propertyPath: m_LocalEulerAnglesHint.x
      value: 0
      objectReference: {fileID: 0}
    - target: {fileID: 3178109674306021845, guid: 1ddf66da12c748c47898c35dd4d37e0e, type: 3}
      propertyPath: m_LocalEulerAnglesHint.y
      value: 0
      objectReference: {fileID: 0}
    - target: {fileID: 3178109674306021845, guid: 1ddf66da12c748c47898c35dd4d37e0e, type: 3}
      propertyPath: m_LocalEulerAnglesHint.z
      value: 0
      objectReference: {fileID: 0}
    - target: {fileID: 3178109674306021845, guid: 1ddf66da12c748c47898c35dd4d37e0e, type: 3}
      propertyPath: m_LocalScale.x
      value: 10
      objectReference: {fileID: 0}
    - target: {fileID: 3178109674306021845, guid: 1ddf66da12c748c47898c35dd4d37e0e, type: 3}
      propertyPath: m_LocalScale.y
      value: 10
      objectReference: {fileID: 0}
    - target: {fileID: 3178109674306021845, guid: 1ddf66da12c748c47898c35dd4d37e0e, type: 3}
      propertyPath: m_LocalScale.z
      value: 10
      objectReference: {fileID: 0}
    m_RemovedComponents: []
  m_SourcePrefab: {fileID: 100100000, guid: 1ddf66da12c748c47898c35dd4d37e0e, type: 3}
--- !u!4 &2788570928909627096 stripped
Transform:
  m_CorrespondingSourceObject: {fileID: 3178109674306021845, guid: 1ddf66da12c748c47898c35dd4d37e0e, type: 3}
  m_PrefabInstance: {fileID: 767889666570290957}
  m_PrefabAsset: {fileID: 0}
--- !u!1001 &1730726175562544785
PrefabInstance:
  m_ObjectHideFlags: 0
  serializedVersion: 2
  m_Modification:
    m_TransformParent: {fileID: 7892656363077000868}
    m_Modifications:
    - target: {fileID: 3178109674306021834, guid: 1ddf66da12c748c47898c35dd4d37e0e, type: 3}
      propertyPath: m_Name
      value: Platform (19)
      objectReference: {fileID: 0}
    - target: {fileID: 3178109674306021845, guid: 1ddf66da12c748c47898c35dd4d37e0e, type: 3}
      propertyPath: m_LocalPosition.x
      value: -90
      objectReference: {fileID: 0}
    - target: {fileID: 3178109674306021845, guid: 1ddf66da12c748c47898c35dd4d37e0e, type: 3}
      propertyPath: m_LocalPosition.y
      value: 0
      objectReference: {fileID: 0}
    - target: {fileID: 3178109674306021845, guid: 1ddf66da12c748c47898c35dd4d37e0e, type: 3}
      propertyPath: m_LocalPosition.z
      value: 20
      objectReference: {fileID: 0}
    - target: {fileID: 3178109674306021845, guid: 1ddf66da12c748c47898c35dd4d37e0e, type: 3}
      propertyPath: m_LocalRotation.x
      value: -0
      objectReference: {fileID: 0}
    - target: {fileID: 3178109674306021845, guid: 1ddf66da12c748c47898c35dd4d37e0e, type: 3}
      propertyPath: m_LocalRotation.y
      value: -0
      objectReference: {fileID: 0}
    - target: {fileID: 3178109674306021845, guid: 1ddf66da12c748c47898c35dd4d37e0e, type: 3}
      propertyPath: m_LocalRotation.z
      value: -0
      objectReference: {fileID: 0}
    - target: {fileID: 3178109674306021845, guid: 1ddf66da12c748c47898c35dd4d37e0e, type: 3}
      propertyPath: m_LocalRotation.w
      value: 1
      objectReference: {fileID: 0}
    - target: {fileID: 3178109674306021845, guid: 1ddf66da12c748c47898c35dd4d37e0e, type: 3}
      propertyPath: m_RootOrder
      value: 16
      objectReference: {fileID: 0}
    - target: {fileID: 3178109674306021845, guid: 1ddf66da12c748c47898c35dd4d37e0e, type: 3}
      propertyPath: m_LocalEulerAnglesHint.x
      value: 0
      objectReference: {fileID: 0}
    - target: {fileID: 3178109674306021845, guid: 1ddf66da12c748c47898c35dd4d37e0e, type: 3}
      propertyPath: m_LocalEulerAnglesHint.y
      value: 0
      objectReference: {fileID: 0}
    - target: {fileID: 3178109674306021845, guid: 1ddf66da12c748c47898c35dd4d37e0e, type: 3}
      propertyPath: m_LocalEulerAnglesHint.z
      value: 0
      objectReference: {fileID: 0}
    - target: {fileID: 3178109674306021845, guid: 1ddf66da12c748c47898c35dd4d37e0e, type: 3}
      propertyPath: m_LocalScale.x
      value: 10
      objectReference: {fileID: 0}
    - target: {fileID: 3178109674306021845, guid: 1ddf66da12c748c47898c35dd4d37e0e, type: 3}
      propertyPath: m_LocalScale.y
      value: 10
      objectReference: {fileID: 0}
    - target: {fileID: 3178109674306021845, guid: 1ddf66da12c748c47898c35dd4d37e0e, type: 3}
      propertyPath: m_LocalScale.z
      value: 10
      objectReference: {fileID: 0}
    m_RemovedComponents: []
  m_SourcePrefab: {fileID: 100100000, guid: 1ddf66da12c748c47898c35dd4d37e0e, type: 3}
--- !u!4 &3755491505190346564 stripped
Transform:
  m_CorrespondingSourceObject: {fileID: 3178109674306021845, guid: 1ddf66da12c748c47898c35dd4d37e0e, type: 3}
  m_PrefabInstance: {fileID: 1730726175562544785}
  m_PrefabAsset: {fileID: 0}
--- !u!1001 &2008055588431003185
PrefabInstance:
  m_ObjectHideFlags: 0
  serializedVersion: 2
  m_Modification:
    m_TransformParent: {fileID: 7892656363077000868}
    m_Modifications:
    - target: {fileID: 3178109674306021834, guid: 1ddf66da12c748c47898c35dd4d37e0e, type: 3}
      propertyPath: m_Name
      value: Platform (17)
      objectReference: {fileID: 0}
    - target: {fileID: 3178109674306021845, guid: 1ddf66da12c748c47898c35dd4d37e0e, type: 3}
      propertyPath: m_LocalPosition.x
      value: -70
      objectReference: {fileID: 0}
    - target: {fileID: 3178109674306021845, guid: 1ddf66da12c748c47898c35dd4d37e0e, type: 3}
      propertyPath: m_LocalPosition.y
      value: 5
      objectReference: {fileID: 0}
    - target: {fileID: 3178109674306021845, guid: 1ddf66da12c748c47898c35dd4d37e0e, type: 3}
      propertyPath: m_LocalPosition.z
      value: 0
      objectReference: {fileID: 0}
    - target: {fileID: 3178109674306021845, guid: 1ddf66da12c748c47898c35dd4d37e0e, type: 3}
      propertyPath: m_LocalRotation.x
      value: -0
      objectReference: {fileID: 0}
    - target: {fileID: 3178109674306021845, guid: 1ddf66da12c748c47898c35dd4d37e0e, type: 3}
      propertyPath: m_LocalRotation.y
      value: -0
      objectReference: {fileID: 0}
    - target: {fileID: 3178109674306021845, guid: 1ddf66da12c748c47898c35dd4d37e0e, type: 3}
      propertyPath: m_LocalRotation.z
      value: -0
      objectReference: {fileID: 0}
    - target: {fileID: 3178109674306021845, guid: 1ddf66da12c748c47898c35dd4d37e0e, type: 3}
      propertyPath: m_LocalRotation.w
      value: 1
      objectReference: {fileID: 0}
    - target: {fileID: 3178109674306021845, guid: 1ddf66da12c748c47898c35dd4d37e0e, type: 3}
      propertyPath: m_RootOrder
      value: 15
      objectReference: {fileID: 0}
    - target: {fileID: 3178109674306021845, guid: 1ddf66da12c748c47898c35dd4d37e0e, type: 3}
      propertyPath: m_LocalEulerAnglesHint.x
      value: 0
      objectReference: {fileID: 0}
    - target: {fileID: 3178109674306021845, guid: 1ddf66da12c748c47898c35dd4d37e0e, type: 3}
      propertyPath: m_LocalEulerAnglesHint.y
      value: 0
      objectReference: {fileID: 0}
    - target: {fileID: 3178109674306021845, guid: 1ddf66da12c748c47898c35dd4d37e0e, type: 3}
      propertyPath: m_LocalEulerAnglesHint.z
      value: 0
      objectReference: {fileID: 0}
    - target: {fileID: 3178109674306021845, guid: 1ddf66da12c748c47898c35dd4d37e0e, type: 3}
      propertyPath: m_LocalScale.x
      value: 10
      objectReference: {fileID: 0}
    - target: {fileID: 3178109674306021845, guid: 1ddf66da12c748c47898c35dd4d37e0e, type: 3}
      propertyPath: m_LocalScale.y
      value: 10
      objectReference: {fileID: 0}
    - target: {fileID: 3178109674306021845, guid: 1ddf66da12c748c47898c35dd4d37e0e, type: 3}
      propertyPath: m_LocalScale.z
      value: 10
      objectReference: {fileID: 0}
    m_RemovedComponents: []
  m_SourcePrefab: {fileID: 100100000, guid: 1ddf66da12c748c47898c35dd4d37e0e, type: 3}
--- !u!4 &4018585266671638500 stripped
Transform:
  m_CorrespondingSourceObject: {fileID: 3178109674306021845, guid: 1ddf66da12c748c47898c35dd4d37e0e, type: 3}
  m_PrefabInstance: {fileID: 2008055588431003185}
  m_PrefabAsset: {fileID: 0}
--- !u!1001 &3011449655970789817
PrefabInstance:
  m_ObjectHideFlags: 0
  serializedVersion: 2
  m_Modification:
    m_TransformParent: {fileID: 7892656363077000868}
    m_Modifications:
    - target: {fileID: 3178109674306021834, guid: 1ddf66da12c748c47898c35dd4d37e0e, type: 3}
      propertyPath: m_Name
      value: Platform (12)
      objectReference: {fileID: 0}
    - target: {fileID: 3178109674306021845, guid: 1ddf66da12c748c47898c35dd4d37e0e, type: 3}
      propertyPath: m_LocalPosition.x
      value: -60
      objectReference: {fileID: 0}
    - target: {fileID: 3178109674306021845, guid: 1ddf66da12c748c47898c35dd4d37e0e, type: 3}
      propertyPath: m_LocalPosition.y
      value: 0
      objectReference: {fileID: 0}
    - target: {fileID: 3178109674306021845, guid: 1ddf66da12c748c47898c35dd4d37e0e, type: 3}
      propertyPath: m_LocalPosition.z
      value: -50
      objectReference: {fileID: 0}
    - target: {fileID: 3178109674306021845, guid: 1ddf66da12c748c47898c35dd4d37e0e, type: 3}
      propertyPath: m_LocalRotation.x
      value: -0
      objectReference: {fileID: 0}
    - target: {fileID: 3178109674306021845, guid: 1ddf66da12c748c47898c35dd4d37e0e, type: 3}
      propertyPath: m_LocalRotation.y
      value: -0
      objectReference: {fileID: 0}
    - target: {fileID: 3178109674306021845, guid: 1ddf66da12c748c47898c35dd4d37e0e, type: 3}
      propertyPath: m_LocalRotation.z
      value: -0
      objectReference: {fileID: 0}
    - target: {fileID: 3178109674306021845, guid: 1ddf66da12c748c47898c35dd4d37e0e, type: 3}
      propertyPath: m_LocalRotation.w
      value: 1
      objectReference: {fileID: 0}
    - target: {fileID: 3178109674306021845, guid: 1ddf66da12c748c47898c35dd4d37e0e, type: 3}
      propertyPath: m_RootOrder
      value: 12
      objectReference: {fileID: 0}
    - target: {fileID: 3178109674306021845, guid: 1ddf66da12c748c47898c35dd4d37e0e, type: 3}
      propertyPath: m_LocalEulerAnglesHint.x
      value: 0
      objectReference: {fileID: 0}
    - target: {fileID: 3178109674306021845, guid: 1ddf66da12c748c47898c35dd4d37e0e, type: 3}
      propertyPath: m_LocalEulerAnglesHint.y
      value: 0
      objectReference: {fileID: 0}
    - target: {fileID: 3178109674306021845, guid: 1ddf66da12c748c47898c35dd4d37e0e, type: 3}
      propertyPath: m_LocalEulerAnglesHint.z
      value: 0
      objectReference: {fileID: 0}
    - target: {fileID: 3178109674306021845, guid: 1ddf66da12c748c47898c35dd4d37e0e, type: 3}
      propertyPath: m_LocalScale.x
      value: 10
      objectReference: {fileID: 0}
    - target: {fileID: 3178109674306021845, guid: 1ddf66da12c748c47898c35dd4d37e0e, type: 3}
      propertyPath: m_LocalScale.y
      value: 10
      objectReference: {fileID: 0}
    - target: {fileID: 3178109674306021845, guid: 1ddf66da12c748c47898c35dd4d37e0e, type: 3}
      propertyPath: m_LocalScale.z
      value: 10
      objectReference: {fileID: 0}
    m_RemovedComponents: []
  m_SourcePrefab: {fileID: 100100000, guid: 1ddf66da12c748c47898c35dd4d37e0e, type: 3}
--- !u!4 &418896787510808684 stripped
Transform:
  m_CorrespondingSourceObject: {fileID: 3178109674306021845, guid: 1ddf66da12c748c47898c35dd4d37e0e, type: 3}
  m_PrefabInstance: {fileID: 3011449655970789817}
  m_PrefabAsset: {fileID: 0}
--- !u!1001 &3234566754615166362
PrefabInstance:
  m_ObjectHideFlags: 0
  serializedVersion: 2
  m_Modification:
    m_TransformParent: {fileID: 7892656363077000868}
    m_Modifications:
    - target: {fileID: 3178109674306021834, guid: 1ddf66da12c748c47898c35dd4d37e0e, type: 3}
      propertyPath: m_Name
      value: Platform
      objectReference: {fileID: 0}
    - target: {fileID: 3178109674306021845, guid: 1ddf66da12c748c47898c35dd4d37e0e, type: 3}
      propertyPath: m_LocalPosition.x
      value: -20
      objectReference: {fileID: 0}
    - target: {fileID: 3178109674306021845, guid: 1ddf66da12c748c47898c35dd4d37e0e, type: 3}
      propertyPath: m_LocalPosition.y
      value: 0
      objectReference: {fileID: 0}
    - target: {fileID: 3178109674306021845, guid: 1ddf66da12c748c47898c35dd4d37e0e, type: 3}
      propertyPath: m_LocalPosition.z
      value: -10
      objectReference: {fileID: 0}
    - target: {fileID: 3178109674306021845, guid: 1ddf66da12c748c47898c35dd4d37e0e, type: 3}
      propertyPath: m_LocalRotation.x
      value: -0
      objectReference: {fileID: 0}
    - target: {fileID: 3178109674306021845, guid: 1ddf66da12c748c47898c35dd4d37e0e, type: 3}
      propertyPath: m_LocalRotation.y
      value: -0
      objectReference: {fileID: 0}
    - target: {fileID: 3178109674306021845, guid: 1ddf66da12c748c47898c35dd4d37e0e, type: 3}
      propertyPath: m_LocalRotation.z
      value: -0
      objectReference: {fileID: 0}
    - target: {fileID: 3178109674306021845, guid: 1ddf66da12c748c47898c35dd4d37e0e, type: 3}
      propertyPath: m_LocalRotation.w
      value: 1
      objectReference: {fileID: 0}
    - target: {fileID: 3178109674306021845, guid: 1ddf66da12c748c47898c35dd4d37e0e, type: 3}
      propertyPath: m_RootOrder
      value: 1
      objectReference: {fileID: 0}
    - target: {fileID: 3178109674306021845, guid: 1ddf66da12c748c47898c35dd4d37e0e, type: 3}
      propertyPath: m_LocalEulerAnglesHint.x
      value: 0
      objectReference: {fileID: 0}
    - target: {fileID: 3178109674306021845, guid: 1ddf66da12c748c47898c35dd4d37e0e, type: 3}
      propertyPath: m_LocalEulerAnglesHint.y
      value: 0
      objectReference: {fileID: 0}
    - target: {fileID: 3178109674306021845, guid: 1ddf66da12c748c47898c35dd4d37e0e, type: 3}
      propertyPath: m_LocalEulerAnglesHint.z
      value: 0
      objectReference: {fileID: 0}
    - target: {fileID: 3178109674306021845, guid: 1ddf66da12c748c47898c35dd4d37e0e, type: 3}
      propertyPath: m_LocalScale.x
      value: 10
      objectReference: {fileID: 0}
    - target: {fileID: 3178109674306021845, guid: 1ddf66da12c748c47898c35dd4d37e0e, type: 3}
      propertyPath: m_LocalScale.y
      value: 10
      objectReference: {fileID: 0}
    - target: {fileID: 3178109674306021845, guid: 1ddf66da12c748c47898c35dd4d37e0e, type: 3}
      propertyPath: m_LocalScale.z
      value: 10
      objectReference: {fileID: 0}
    m_RemovedComponents: []
  m_SourcePrefab: {fileID: 100100000, guid: 1ddf66da12c748c47898c35dd4d37e0e, type: 3}
--- !u!4 &70250797817801807 stripped
Transform:
  m_CorrespondingSourceObject: {fileID: 3178109674306021845, guid: 1ddf66da12c748c47898c35dd4d37e0e, type: 3}
  m_PrefabInstance: {fileID: 3234566754615166362}
  m_PrefabAsset: {fileID: 0}
--- !u!1001 &3505509657523103353
PrefabInstance:
  m_ObjectHideFlags: 0
  serializedVersion: 2
  m_Modification:
    m_TransformParent: {fileID: 7892656363077000868}
    m_Modifications:
    - target: {fileID: 3178109674306021834, guid: 1ddf66da12c748c47898c35dd4d37e0e, type: 3}
      propertyPath: m_Name
      value: Platform (22)
      objectReference: {fileID: 0}
    - target: {fileID: 3178109674306021845, guid: 1ddf66da12c748c47898c35dd4d37e0e, type: 3}
      propertyPath: m_LocalPosition.x
      value: -110
      objectReference: {fileID: 0}
    - target: {fileID: 3178109674306021845, guid: 1ddf66da12c748c47898c35dd4d37e0e, type: 3}
      propertyPath: m_LocalPosition.y
      value: 0
      objectReference: {fileID: 0}
    - target: {fileID: 3178109674306021845, guid: 1ddf66da12c748c47898c35dd4d37e0e, type: 3}
      propertyPath: m_LocalPosition.z
      value: 40
      objectReference: {fileID: 0}
    - target: {fileID: 3178109674306021845, guid: 1ddf66da12c748c47898c35dd4d37e0e, type: 3}
      propertyPath: m_LocalRotation.x
      value: -0
      objectReference: {fileID: 0}
    - target: {fileID: 3178109674306021845, guid: 1ddf66da12c748c47898c35dd4d37e0e, type: 3}
      propertyPath: m_LocalRotation.y
      value: -0
      objectReference: {fileID: 0}
    - target: {fileID: 3178109674306021845, guid: 1ddf66da12c748c47898c35dd4d37e0e, type: 3}
      propertyPath: m_LocalRotation.z
      value: -0
      objectReference: {fileID: 0}
    - target: {fileID: 3178109674306021845, guid: 1ddf66da12c748c47898c35dd4d37e0e, type: 3}
      propertyPath: m_LocalRotation.w
      value: 1
      objectReference: {fileID: 0}
    - target: {fileID: 3178109674306021845, guid: 1ddf66da12c748c47898c35dd4d37e0e, type: 3}
      propertyPath: m_RootOrder
      value: 18
      objectReference: {fileID: 0}
    - target: {fileID: 3178109674306021845, guid: 1ddf66da12c748c47898c35dd4d37e0e, type: 3}
      propertyPath: m_LocalEulerAnglesHint.x
      value: 0
      objectReference: {fileID: 0}
    - target: {fileID: 3178109674306021845, guid: 1ddf66da12c748c47898c35dd4d37e0e, type: 3}
      propertyPath: m_LocalEulerAnglesHint.y
      value: 0
      objectReference: {fileID: 0}
    - target: {fileID: 3178109674306021845, guid: 1ddf66da12c748c47898c35dd4d37e0e, type: 3}
      propertyPath: m_LocalEulerAnglesHint.z
      value: 0
      objectReference: {fileID: 0}
    - target: {fileID: 3178109674306021845, guid: 1ddf66da12c748c47898c35dd4d37e0e, type: 3}
      propertyPath: m_LocalScale.x
      value: 10
      objectReference: {fileID: 0}
    - target: {fileID: 3178109674306021845, guid: 1ddf66da12c748c47898c35dd4d37e0e, type: 3}
      propertyPath: m_LocalScale.y
      value: 10
      objectReference: {fileID: 0}
    - target: {fileID: 3178109674306021845, guid: 1ddf66da12c748c47898c35dd4d37e0e, type: 3}
      propertyPath: m_LocalScale.z
      value: 10
      objectReference: {fileID: 0}
    m_RemovedComponents: []
  m_SourcePrefab: {fileID: 100100000, guid: 1ddf66da12c748c47898c35dd4d37e0e, type: 3}
--- !u!4 &2070806580267552684 stripped
Transform:
  m_CorrespondingSourceObject: {fileID: 3178109674306021845, guid: 1ddf66da12c748c47898c35dd4d37e0e, type: 3}
  m_PrefabInstance: {fileID: 3505509657523103353}
  m_PrefabAsset: {fileID: 0}
--- !u!1001 &3946502022078691014
PrefabInstance:
  m_ObjectHideFlags: 0
  serializedVersion: 2
  m_Modification:
    m_TransformParent: {fileID: 7892656363077000868}
    m_Modifications:
    - target: {fileID: 3178109674306021834, guid: 1ddf66da12c748c47898c35dd4d37e0e, type: 3}
      propertyPath: m_Name
      value: Platform (3)
      objectReference: {fileID: 0}
    - target: {fileID: 3178109674306021845, guid: 1ddf66da12c748c47898c35dd4d37e0e, type: 3}
      propertyPath: m_LocalPosition.x
      value: -30
      objectReference: {fileID: 0}
    - target: {fileID: 3178109674306021845, guid: 1ddf66da12c748c47898c35dd4d37e0e, type: 3}
      propertyPath: m_LocalPosition.y
      value: 0
      objectReference: {fileID: 0}
    - target: {fileID: 3178109674306021845, guid: 1ddf66da12c748c47898c35dd4d37e0e, type: 3}
      propertyPath: m_LocalPosition.z
      value: -30
      objectReference: {fileID: 0}
    - target: {fileID: 3178109674306021845, guid: 1ddf66da12c748c47898c35dd4d37e0e, type: 3}
      propertyPath: m_LocalRotation.x
      value: -0
      objectReference: {fileID: 0}
    - target: {fileID: 3178109674306021845, guid: 1ddf66da12c748c47898c35dd4d37e0e, type: 3}
      propertyPath: m_LocalRotation.y
      value: -0
      objectReference: {fileID: 0}
    - target: {fileID: 3178109674306021845, guid: 1ddf66da12c748c47898c35dd4d37e0e, type: 3}
      propertyPath: m_LocalRotation.z
      value: -0
      objectReference: {fileID: 0}
    - target: {fileID: 3178109674306021845, guid: 1ddf66da12c748c47898c35dd4d37e0e, type: 3}
      propertyPath: m_LocalRotation.w
      value: 1
      objectReference: {fileID: 0}
    - target: {fileID: 3178109674306021845, guid: 1ddf66da12c748c47898c35dd4d37e0e, type: 3}
      propertyPath: m_RootOrder
      value: 4
      objectReference: {fileID: 0}
    - target: {fileID: 3178109674306021845, guid: 1ddf66da12c748c47898c35dd4d37e0e, type: 3}
      propertyPath: m_LocalEulerAnglesHint.x
      value: 0
      objectReference: {fileID: 0}
    - target: {fileID: 3178109674306021845, guid: 1ddf66da12c748c47898c35dd4d37e0e, type: 3}
      propertyPath: m_LocalEulerAnglesHint.y
      value: 0
      objectReference: {fileID: 0}
    - target: {fileID: 3178109674306021845, guid: 1ddf66da12c748c47898c35dd4d37e0e, type: 3}
      propertyPath: m_LocalEulerAnglesHint.z
      value: 0
      objectReference: {fileID: 0}
    - target: {fileID: 3178109674306021845, guid: 1ddf66da12c748c47898c35dd4d37e0e, type: 3}
      propertyPath: m_LocalScale.x
      value: 10
      objectReference: {fileID: 0}
    - target: {fileID: 3178109674306021845, guid: 1ddf66da12c748c47898c35dd4d37e0e, type: 3}
      propertyPath: m_LocalScale.y
      value: 10
      objectReference: {fileID: 0}
    - target: {fileID: 3178109674306021845, guid: 1ddf66da12c748c47898c35dd4d37e0e, type: 3}
      propertyPath: m_LocalScale.z
      value: 10
      objectReference: {fileID: 0}
    m_RemovedComponents: []
  m_SourcePrefab: {fileID: 100100000, guid: 1ddf66da12c748c47898c35dd4d37e0e, type: 3}
--- !u!4 &1936023668696178451 stripped
Transform:
  m_CorrespondingSourceObject: {fileID: 3178109674306021845, guid: 1ddf66da12c748c47898c35dd4d37e0e, type: 3}
  m_PrefabInstance: {fileID: 3946502022078691014}
  m_PrefabAsset: {fileID: 0}
--- !u!1001 &4273925655229474814
PrefabInstance:
  m_ObjectHideFlags: 0
  serializedVersion: 2
  m_Modification:
    m_TransformParent: {fileID: 7892656363077000868}
    m_Modifications:
    - target: {fileID: 3178109674306021834, guid: 1ddf66da12c748c47898c35dd4d37e0e, type: 3}
      propertyPath: m_Name
      value: Platform (16)
      objectReference: {fileID: 0}
    - target: {fileID: 3178109674306021845, guid: 1ddf66da12c748c47898c35dd4d37e0e, type: 3}
      propertyPath: m_LocalPosition.x
      value: -70
      objectReference: {fileID: 0}
    - target: {fileID: 3178109674306021845, guid: 1ddf66da12c748c47898c35dd4d37e0e, type: 3}
      propertyPath: m_LocalPosition.y
      value: 0
      objectReference: {fileID: 0}
    - target: {fileID: 3178109674306021845, guid: 1ddf66da12c748c47898c35dd4d37e0e, type: 3}
      propertyPath: m_LocalPosition.z
      value: -10
      objectReference: {fileID: 0}
    - target: {fileID: 3178109674306021845, guid: 1ddf66da12c748c47898c35dd4d37e0e, type: 3}
      propertyPath: m_LocalRotation.x
      value: -0
      objectReference: {fileID: 0}
    - target: {fileID: 3178109674306021845, guid: 1ddf66da12c748c47898c35dd4d37e0e, type: 3}
      propertyPath: m_LocalRotation.y
      value: -0
      objectReference: {fileID: 0}
    - target: {fileID: 3178109674306021845, guid: 1ddf66da12c748c47898c35dd4d37e0e, type: 3}
      propertyPath: m_LocalRotation.z
      value: -0
      objectReference: {fileID: 0}
    - target: {fileID: 3178109674306021845, guid: 1ddf66da12c748c47898c35dd4d37e0e, type: 3}
      propertyPath: m_LocalRotation.w
      value: 1
      objectReference: {fileID: 0}
    - target: {fileID: 3178109674306021845, guid: 1ddf66da12c748c47898c35dd4d37e0e, type: 3}
      propertyPath: m_RootOrder
      value: 14
      objectReference: {fileID: 0}
    - target: {fileID: 3178109674306021845, guid: 1ddf66da12c748c47898c35dd4d37e0e, type: 3}
      propertyPath: m_LocalEulerAnglesHint.x
      value: 0
      objectReference: {fileID: 0}
    - target: {fileID: 3178109674306021845, guid: 1ddf66da12c748c47898c35dd4d37e0e, type: 3}
      propertyPath: m_LocalEulerAnglesHint.y
      value: 0
      objectReference: {fileID: 0}
    - target: {fileID: 3178109674306021845, guid: 1ddf66da12c748c47898c35dd4d37e0e, type: 3}
      propertyPath: m_LocalEulerAnglesHint.z
      value: 0
      objectReference: {fileID: 0}
    - target: {fileID: 3178109674306021845, guid: 1ddf66da12c748c47898c35dd4d37e0e, type: 3}
      propertyPath: m_LocalScale.x
      value: 10
      objectReference: {fileID: 0}
    - target: {fileID: 3178109674306021845, guid: 1ddf66da12c748c47898c35dd4d37e0e, type: 3}
      propertyPath: m_LocalScale.y
      value: 10
      objectReference: {fileID: 0}
    - target: {fileID: 3178109674306021845, guid: 1ddf66da12c748c47898c35dd4d37e0e, type: 3}
      propertyPath: m_LocalScale.z
      value: 10
      objectReference: {fileID: 0}
    m_RemovedComponents: []
  m_SourcePrefab: {fileID: 100100000, guid: 1ddf66da12c748c47898c35dd4d37e0e, type: 3}
--- !u!4 &1678401562820447787 stripped
Transform:
  m_CorrespondingSourceObject: {fileID: 3178109674306021845, guid: 1ddf66da12c748c47898c35dd4d37e0e, type: 3}
  m_PrefabInstance: {fileID: 4273925655229474814}
  m_PrefabAsset: {fileID: 0}
--- !u!1001 &4275286998319998588
PrefabInstance:
  m_ObjectHideFlags: 0
  serializedVersion: 2
  m_Modification:
    m_TransformParent: {fileID: 7892656363077000868}
    m_Modifications:
    - target: {fileID: 3178109674306021834, guid: 1ddf66da12c748c47898c35dd4d37e0e, type: 3}
      propertyPath: m_Name
      value: Platform (6)
      objectReference: {fileID: 0}
    - target: {fileID: 3178109674306021845, guid: 1ddf66da12c748c47898c35dd4d37e0e, type: 3}
      propertyPath: m_LocalPosition.x
      value: -20
      objectReference: {fileID: 0}
    - target: {fileID: 3178109674306021845, guid: 1ddf66da12c748c47898c35dd4d37e0e, type: 3}
      propertyPath: m_LocalPosition.y
      value: 5
      objectReference: {fileID: 0}
    - target: {fileID: 3178109674306021845, guid: 1ddf66da12c748c47898c35dd4d37e0e, type: 3}
      propertyPath: m_LocalPosition.z
      value: -50
      objectReference: {fileID: 0}
    - target: {fileID: 3178109674306021845, guid: 1ddf66da12c748c47898c35dd4d37e0e, type: 3}
      propertyPath: m_LocalRotation.x
      value: -0
      objectReference: {fileID: 0}
    - target: {fileID: 3178109674306021845, guid: 1ddf66da12c748c47898c35dd4d37e0e, type: 3}
      propertyPath: m_LocalRotation.y
      value: -0
      objectReference: {fileID: 0}
    - target: {fileID: 3178109674306021845, guid: 1ddf66da12c748c47898c35dd4d37e0e, type: 3}
      propertyPath: m_LocalRotation.z
      value: -0
      objectReference: {fileID: 0}
    - target: {fileID: 3178109674306021845, guid: 1ddf66da12c748c47898c35dd4d37e0e, type: 3}
      propertyPath: m_LocalRotation.w
      value: 1
      objectReference: {fileID: 0}
    - target: {fileID: 3178109674306021845, guid: 1ddf66da12c748c47898c35dd4d37e0e, type: 3}
      propertyPath: m_RootOrder
      value: 7
      objectReference: {fileID: 0}
    - target: {fileID: 3178109674306021845, guid: 1ddf66da12c748c47898c35dd4d37e0e, type: 3}
      propertyPath: m_LocalEulerAnglesHint.x
      value: 0
      objectReference: {fileID: 0}
    - target: {fileID: 3178109674306021845, guid: 1ddf66da12c748c47898c35dd4d37e0e, type: 3}
      propertyPath: m_LocalEulerAnglesHint.y
      value: 0
      objectReference: {fileID: 0}
    - target: {fileID: 3178109674306021845, guid: 1ddf66da12c748c47898c35dd4d37e0e, type: 3}
      propertyPath: m_LocalEulerAnglesHint.z
      value: 0
      objectReference: {fileID: 0}
    - target: {fileID: 3178109674306021845, guid: 1ddf66da12c748c47898c35dd4d37e0e, type: 3}
      propertyPath: m_LocalScale.x
      value: 10
      objectReference: {fileID: 0}
    - target: {fileID: 3178109674306021845, guid: 1ddf66da12c748c47898c35dd4d37e0e, type: 3}
      propertyPath: m_LocalScale.y
      value: 10
      objectReference: {fileID: 0}
    - target: {fileID: 3178109674306021845, guid: 1ddf66da12c748c47898c35dd4d37e0e, type: 3}
      propertyPath: m_LocalScale.z
      value: 10
      objectReference: {fileID: 0}
    m_RemovedComponents: []
  m_SourcePrefab: {fileID: 100100000, guid: 1ddf66da12c748c47898c35dd4d37e0e, type: 3}
--- !u!4 &1679340418498269097 stripped
Transform:
  m_CorrespondingSourceObject: {fileID: 3178109674306021845, guid: 1ddf66da12c748c47898c35dd4d37e0e, type: 3}
  m_PrefabInstance: {fileID: 4275286998319998588}
  m_PrefabAsset: {fileID: 0}
--- !u!1001 &4669361060516692822
PrefabInstance:
  m_ObjectHideFlags: 0
  serializedVersion: 2
  m_Modification:
    m_TransformParent: {fileID: 7892656363077000868}
    m_Modifications:
    - target: {fileID: 3178109674306021834, guid: 1ddf66da12c748c47898c35dd4d37e0e, type: 3}
      propertyPath: m_Name
      value: Platform (11)
      objectReference: {fileID: 0}
    - target: {fileID: 3178109674306021845, guid: 1ddf66da12c748c47898c35dd4d37e0e, type: 3}
      propertyPath: m_LocalPosition.x
      value: -50
      objectReference: {fileID: 0}
    - target: {fileID: 3178109674306021845, guid: 1ddf66da12c748c47898c35dd4d37e0e, type: 3}
      propertyPath: m_LocalPosition.y
      value: 5
      objectReference: {fileID: 0}
    - target: {fileID: 3178109674306021845, guid: 1ddf66da12c748c47898c35dd4d37e0e, type: 3}
      propertyPath: m_LocalPosition.z
      value: -70
      objectReference: {fileID: 0}
    - target: {fileID: 3178109674306021845, guid: 1ddf66da12c748c47898c35dd4d37e0e, type: 3}
      propertyPath: m_LocalRotation.x
      value: -0
      objectReference: {fileID: 0}
    - target: {fileID: 3178109674306021845, guid: 1ddf66da12c748c47898c35dd4d37e0e, type: 3}
      propertyPath: m_LocalRotation.y
      value: -0
      objectReference: {fileID: 0}
    - target: {fileID: 3178109674306021845, guid: 1ddf66da12c748c47898c35dd4d37e0e, type: 3}
      propertyPath: m_LocalRotation.z
      value: -0
      objectReference: {fileID: 0}
    - target: {fileID: 3178109674306021845, guid: 1ddf66da12c748c47898c35dd4d37e0e, type: 3}
      propertyPath: m_LocalRotation.w
      value: 1
      objectReference: {fileID: 0}
    - target: {fileID: 3178109674306021845, guid: 1ddf66da12c748c47898c35dd4d37e0e, type: 3}
      propertyPath: m_RootOrder
      value: 11
      objectReference: {fileID: 0}
    - target: {fileID: 3178109674306021845, guid: 1ddf66da12c748c47898c35dd4d37e0e, type: 3}
      propertyPath: m_LocalEulerAnglesHint.x
      value: 0
      objectReference: {fileID: 0}
    - target: {fileID: 3178109674306021845, guid: 1ddf66da12c748c47898c35dd4d37e0e, type: 3}
      propertyPath: m_LocalEulerAnglesHint.y
      value: 0
      objectReference: {fileID: 0}
    - target: {fileID: 3178109674306021845, guid: 1ddf66da12c748c47898c35dd4d37e0e, type: 3}
      propertyPath: m_LocalEulerAnglesHint.z
      value: 0
      objectReference: {fileID: 0}
    - target: {fileID: 3178109674306021845, guid: 1ddf66da12c748c47898c35dd4d37e0e, type: 3}
      propertyPath: m_LocalScale.x
      value: 10
      objectReference: {fileID: 0}
    - target: {fileID: 3178109674306021845, guid: 1ddf66da12c748c47898c35dd4d37e0e, type: 3}
      propertyPath: m_LocalScale.y
      value: 10
      objectReference: {fileID: 0}
    - target: {fileID: 3178109674306021845, guid: 1ddf66da12c748c47898c35dd4d37e0e, type: 3}
      propertyPath: m_LocalScale.z
      value: 10
      objectReference: {fileID: 0}
    m_RemovedComponents: []
  m_SourcePrefab: {fileID: 100100000, guid: 1ddf66da12c748c47898c35dd4d37e0e, type: 3}
--- !u!4 &7842472071490546307 stripped
Transform:
  m_CorrespondingSourceObject: {fileID: 3178109674306021845, guid: 1ddf66da12c748c47898c35dd4d37e0e, type: 3}
  m_PrefabInstance: {fileID: 4669361060516692822}
  m_PrefabAsset: {fileID: 0}
--- !u!1001 &5295066956207826143
PrefabInstance:
  m_ObjectHideFlags: 0
  serializedVersion: 2
  m_Modification:
    m_TransformParent: {fileID: 7892656363077000868}
    m_Modifications:
    - target: {fileID: 8403992730122282712, guid: d034567184c26ae4a8e4400ef54f6d0d, type: 3}
      propertyPath: m_LocalPosition.x
      value: 0
      objectReference: {fileID: 0}
    - target: {fileID: 8403992730122282712, guid: d034567184c26ae4a8e4400ef54f6d0d, type: 3}
      propertyPath: m_LocalPosition.y
      value: 0
      objectReference: {fileID: 0}
    - target: {fileID: 8403992730122282712, guid: d034567184c26ae4a8e4400ef54f6d0d, type: 3}
      propertyPath: m_LocalPosition.z
      value: 0
      objectReference: {fileID: 0}
    - target: {fileID: 8403992730122282712, guid: d034567184c26ae4a8e4400ef54f6d0d, type: 3}
      propertyPath: m_LocalRotation.x
      value: -0
      objectReference: {fileID: 0}
    - target: {fileID: 8403992730122282712, guid: d034567184c26ae4a8e4400ef54f6d0d, type: 3}
      propertyPath: m_LocalRotation.y
      value: -0.70710576
      objectReference: {fileID: 0}
    - target: {fileID: 8403992730122282712, guid: d034567184c26ae4a8e4400ef54f6d0d, type: 3}
      propertyPath: m_LocalRotation.z
      value: -0
      objectReference: {fileID: 0}
    - target: {fileID: 8403992730122282712, guid: d034567184c26ae4a8e4400ef54f6d0d, type: 3}
      propertyPath: m_LocalRotation.w
      value: 0.70710784
      objectReference: {fileID: 0}
    - target: {fileID: 8403992730122282712, guid: d034567184c26ae4a8e4400ef54f6d0d, type: 3}
      propertyPath: m_RootOrder
      value: 0
      objectReference: {fileID: 0}
    - target: {fileID: 8403992730122282712, guid: d034567184c26ae4a8e4400ef54f6d0d, type: 3}
      propertyPath: m_LocalEulerAnglesHint.x
      value: 0
      objectReference: {fileID: 0}
    - target: {fileID: 8403992730122282712, guid: d034567184c26ae4a8e4400ef54f6d0d, type: 3}
      propertyPath: m_LocalEulerAnglesHint.y
      value: -90
      objectReference: {fileID: 0}
    - target: {fileID: 8403992730122282712, guid: d034567184c26ae4a8e4400ef54f6d0d, type: 3}
      propertyPath: m_LocalEulerAnglesHint.z
      value: 0
      objectReference: {fileID: 0}
    - target: {fileID: 8403992730122282712, guid: d034567184c26ae4a8e4400ef54f6d0d, type: 3}
      propertyPath: m_LocalScale.x
      value: 10
      objectReference: {fileID: 0}
    - target: {fileID: 8403992730122282712, guid: d034567184c26ae4a8e4400ef54f6d0d, type: 3}
      propertyPath: m_LocalScale.y
      value: 10
      objectReference: {fileID: 0}
    - target: {fileID: 8403992730122282712, guid: d034567184c26ae4a8e4400ef54f6d0d, type: 3}
      propertyPath: m_LocalScale.z
      value: 10
      objectReference: {fileID: 0}
    - target: {fileID: 8403992730122282715, guid: d034567184c26ae4a8e4400ef54f6d0d, type: 3}
      propertyPath: m_Name
      value: Start
      objectReference: {fileID: 0}
    m_RemovedComponents: []
  m_SourcePrefab: {fileID: 100100000, guid: d034567184c26ae4a8e4400ef54f6d0d, type: 3}
--- !u!4 &4457193137219715591 stripped
Transform:
  m_CorrespondingSourceObject: {fileID: 8403992730122282712, guid: d034567184c26ae4a8e4400ef54f6d0d, type: 3}
  m_PrefabInstance: {fileID: 5295066956207826143}
  m_PrefabAsset: {fileID: 0}
--- !u!1001 &5358314272549996954
PrefabInstance:
  m_ObjectHideFlags: 0
  serializedVersion: 2
  m_Modification:
    m_TransformParent: {fileID: 7892656363077000868}
    m_Modifications:
    - target: {fileID: 3178109674306021834, guid: 1ddf66da12c748c47898c35dd4d37e0e, type: 3}
      propertyPath: m_Name
      value: Platform (4)
      objectReference: {fileID: 0}
    - target: {fileID: 3178109674306021845, guid: 1ddf66da12c748c47898c35dd4d37e0e, type: 3}
      propertyPath: m_LocalPosition.x
      value: -30
      objectReference: {fileID: 0}
    - target: {fileID: 3178109674306021845, guid: 1ddf66da12c748c47898c35dd4d37e0e, type: 3}
      propertyPath: m_LocalPosition.y
      value: 0
      objectReference: {fileID: 0}
    - target: {fileID: 3178109674306021845, guid: 1ddf66da12c748c47898c35dd4d37e0e, type: 3}
      propertyPath: m_LocalPosition.z
      value: -40
      objectReference: {fileID: 0}
    - target: {fileID: 3178109674306021845, guid: 1ddf66da12c748c47898c35dd4d37e0e, type: 3}
      propertyPath: m_LocalRotation.x
      value: -0
      objectReference: {fileID: 0}
    - target: {fileID: 3178109674306021845, guid: 1ddf66da12c748c47898c35dd4d37e0e, type: 3}
      propertyPath: m_LocalRotation.y
      value: -0
      objectReference: {fileID: 0}
    - target: {fileID: 3178109674306021845, guid: 1ddf66da12c748c47898c35dd4d37e0e, type: 3}
      propertyPath: m_LocalRotation.z
      value: -0
      objectReference: {fileID: 0}
    - target: {fileID: 3178109674306021845, guid: 1ddf66da12c748c47898c35dd4d37e0e, type: 3}
      propertyPath: m_LocalRotation.w
      value: 1
      objectReference: {fileID: 0}
    - target: {fileID: 3178109674306021845, guid: 1ddf66da12c748c47898c35dd4d37e0e, type: 3}
      propertyPath: m_RootOrder
      value: 5
      objectReference: {fileID: 0}
    - target: {fileID: 3178109674306021845, guid: 1ddf66da12c748c47898c35dd4d37e0e, type: 3}
      propertyPath: m_LocalEulerAnglesHint.x
      value: 0
      objectReference: {fileID: 0}
    - target: {fileID: 3178109674306021845, guid: 1ddf66da12c748c47898c35dd4d37e0e, type: 3}
      propertyPath: m_LocalEulerAnglesHint.y
      value: 0
      objectReference: {fileID: 0}
    - target: {fileID: 3178109674306021845, guid: 1ddf66da12c748c47898c35dd4d37e0e, type: 3}
      propertyPath: m_LocalEulerAnglesHint.z
      value: 0
      objectReference: {fileID: 0}
    - target: {fileID: 3178109674306021845, guid: 1ddf66da12c748c47898c35dd4d37e0e, type: 3}
      propertyPath: m_LocalScale.x
      value: 10
      objectReference: {fileID: 0}
    - target: {fileID: 3178109674306021845, guid: 1ddf66da12c748c47898c35dd4d37e0e, type: 3}
      propertyPath: m_LocalScale.y
      value: 10
      objectReference: {fileID: 0}
    - target: {fileID: 3178109674306021845, guid: 1ddf66da12c748c47898c35dd4d37e0e, type: 3}
      propertyPath: m_LocalScale.z
      value: 10
      objectReference: {fileID: 0}
    m_RemovedComponents: []
  m_SourcePrefab: {fileID: 100100000, guid: 1ddf66da12c748c47898c35dd4d37e0e, type: 3}
--- !u!4 &7369691750958473295 stripped
Transform:
  m_CorrespondingSourceObject: {fileID: 3178109674306021845, guid: 1ddf66da12c748c47898c35dd4d37e0e, type: 3}
  m_PrefabInstance: {fileID: 5358314272549996954}
  m_PrefabAsset: {fileID: 0}
--- !u!1001 &5626534378653487383
PrefabInstance:
  m_ObjectHideFlags: 0
  serializedVersion: 2
  m_Modification:
    m_TransformParent: {fileID: 7892656363077000868}
    m_Modifications:
    - target: {fileID: 3178109674306021834, guid: 1ddf66da12c748c47898c35dd4d37e0e, type: 3}
      propertyPath: m_Name
      value: Platform (27)
      objectReference: {fileID: 0}
    - target: {fileID: 3178109674306021845, guid: 1ddf66da12c748c47898c35dd4d37e0e, type: 3}
      propertyPath: m_LocalPosition.x
      value: -200
      objectReference: {fileID: 0}
    - target: {fileID: 3178109674306021845, guid: 1ddf66da12c748c47898c35dd4d37e0e, type: 3}
      propertyPath: m_LocalPosition.y
      value: 0
      objectReference: {fileID: 0}
    - target: {fileID: 3178109674306021845, guid: 1ddf66da12c748c47898c35dd4d37e0e, type: 3}
      propertyPath: m_LocalPosition.z
      value: -20
      objectReference: {fileID: 0}
    - target: {fileID: 3178109674306021845, guid: 1ddf66da12c748c47898c35dd4d37e0e, type: 3}
      propertyPath: m_LocalRotation.x
      value: -0
      objectReference: {fileID: 0}
    - target: {fileID: 3178109674306021845, guid: 1ddf66da12c748c47898c35dd4d37e0e, type: 3}
      propertyPath: m_LocalRotation.y
      value: -0
      objectReference: {fileID: 0}
    - target: {fileID: 3178109674306021845, guid: 1ddf66da12c748c47898c35dd4d37e0e, type: 3}
      propertyPath: m_LocalRotation.z
      value: -0
      objectReference: {fileID: 0}
    - target: {fileID: 3178109674306021845, guid: 1ddf66da12c748c47898c35dd4d37e0e, type: 3}
      propertyPath: m_LocalRotation.w
      value: 1
      objectReference: {fileID: 0}
    - target: {fileID: 3178109674306021845, guid: 1ddf66da12c748c47898c35dd4d37e0e, type: 3}
      propertyPath: m_RootOrder
      value: 25
      objectReference: {fileID: 0}
    - target: {fileID: 3178109674306021845, guid: 1ddf66da12c748c47898c35dd4d37e0e, type: 3}
      propertyPath: m_LocalEulerAnglesHint.x
      value: 0
      objectReference: {fileID: 0}
    - target: {fileID: 3178109674306021845, guid: 1ddf66da12c748c47898c35dd4d37e0e, type: 3}
      propertyPath: m_LocalEulerAnglesHint.y
      value: 0
      objectReference: {fileID: 0}
    - target: {fileID: 3178109674306021845, guid: 1ddf66da12c748c47898c35dd4d37e0e, type: 3}
      propertyPath: m_LocalEulerAnglesHint.z
      value: 0
      objectReference: {fileID: 0}
    - target: {fileID: 3178109674306021845, guid: 1ddf66da12c748c47898c35dd4d37e0e, type: 3}
      propertyPath: m_LocalScale.x
      value: 10
      objectReference: {fileID: 0}
    - target: {fileID: 3178109674306021845, guid: 1ddf66da12c748c47898c35dd4d37e0e, type: 3}
      propertyPath: m_LocalScale.y
      value: 10
      objectReference: {fileID: 0}
    - target: {fileID: 3178109674306021845, guid: 1ddf66da12c748c47898c35dd4d37e0e, type: 3}
      propertyPath: m_LocalScale.z
      value: 10
      objectReference: {fileID: 0}
    m_RemovedComponents: []
  m_SourcePrefab: {fileID: 100100000, guid: 1ddf66da12c748c47898c35dd4d37e0e, type: 3}
--- !u!4 &7066041016655296706 stripped
Transform:
  m_CorrespondingSourceObject: {fileID: 3178109674306021845, guid: 1ddf66da12c748c47898c35dd4d37e0e, type: 3}
  m_PrefabInstance: {fileID: 5626534378653487383}
  m_PrefabAsset: {fileID: 0}
--- !u!1001 &6087573397715557218
PrefabInstance:
  m_ObjectHideFlags: 0
  serializedVersion: 2
  m_Modification:
    m_TransformParent: {fileID: 7892656363077000868}
    m_Modifications:
    - target: {fileID: 3178109674306021834, guid: 1ddf66da12c748c47898c35dd4d37e0e, type: 3}
      propertyPath: m_Name
      value: Platform (23)
      objectReference: {fileID: 0}
    - target: {fileID: 3178109674306021845, guid: 1ddf66da12c748c47898c35dd4d37e0e, type: 3}
      propertyPath: m_LocalPosition.x
      value: -120
      objectReference: {fileID: 0}
    - target: {fileID: 3178109674306021845, guid: 1ddf66da12c748c47898c35dd4d37e0e, type: 3}
      propertyPath: m_LocalPosition.y
      value: 0
      objectReference: {fileID: 0}
    - target: {fileID: 3178109674306021845, guid: 1ddf66da12c748c47898c35dd4d37e0e, type: 3}
      propertyPath: m_LocalPosition.z
      value: 50
      objectReference: {fileID: 0}
    - target: {fileID: 3178109674306021845, guid: 1ddf66da12c748c47898c35dd4d37e0e, type: 3}
      propertyPath: m_LocalRotation.x
      value: -0
      objectReference: {fileID: 0}
    - target: {fileID: 3178109674306021845, guid: 1ddf66da12c748c47898c35dd4d37e0e, type: 3}
      propertyPath: m_LocalRotation.y
      value: -0
      objectReference: {fileID: 0}
    - target: {fileID: 3178109674306021845, guid: 1ddf66da12c748c47898c35dd4d37e0e, type: 3}
      propertyPath: m_LocalRotation.z
      value: -0
      objectReference: {fileID: 0}
    - target: {fileID: 3178109674306021845, guid: 1ddf66da12c748c47898c35dd4d37e0e, type: 3}
      propertyPath: m_LocalRotation.w
      value: 1
      objectReference: {fileID: 0}
    - target: {fileID: 3178109674306021845, guid: 1ddf66da12c748c47898c35dd4d37e0e, type: 3}
      propertyPath: m_RootOrder
      value: 19
      objectReference: {fileID: 0}
    - target: {fileID: 3178109674306021845, guid: 1ddf66da12c748c47898c35dd4d37e0e, type: 3}
      propertyPath: m_LocalEulerAnglesHint.x
      value: 0
      objectReference: {fileID: 0}
    - target: {fileID: 3178109674306021845, guid: 1ddf66da12c748c47898c35dd4d37e0e, type: 3}
      propertyPath: m_LocalEulerAnglesHint.y
      value: 0
      objectReference: {fileID: 0}
    - target: {fileID: 3178109674306021845, guid: 1ddf66da12c748c47898c35dd4d37e0e, type: 3}
      propertyPath: m_LocalEulerAnglesHint.z
      value: 0
      objectReference: {fileID: 0}
    - target: {fileID: 3178109674306021845, guid: 1ddf66da12c748c47898c35dd4d37e0e, type: 3}
      propertyPath: m_LocalScale.x
      value: 10
      objectReference: {fileID: 0}
    - target: {fileID: 3178109674306021845, guid: 1ddf66da12c748c47898c35dd4d37e0e, type: 3}
      propertyPath: m_LocalScale.y
      value: 10
      objectReference: {fileID: 0}
    - target: {fileID: 3178109674306021845, guid: 1ddf66da12c748c47898c35dd4d37e0e, type: 3}
      propertyPath: m_LocalScale.z
      value: 10
      objectReference: {fileID: 0}
    m_RemovedComponents: []
  m_SourcePrefab: {fileID: 100100000, guid: 1ddf66da12c748c47898c35dd4d37e0e, type: 3}
--- !u!4 &8674370665795170999 stripped
Transform:
  m_CorrespondingSourceObject: {fileID: 3178109674306021845, guid: 1ddf66da12c748c47898c35dd4d37e0e, type: 3}
  m_PrefabInstance: {fileID: 6087573397715557218}
  m_PrefabAsset: {fileID: 0}
--- !u!1001 &6340960226448367856
PrefabInstance:
  m_ObjectHideFlags: 0
  serializedVersion: 2
  m_Modification:
    m_TransformParent: {fileID: 7892656363077000868}
    m_Modifications:
    - target: {fileID: 3178109674306021834, guid: 1ddf66da12c748c47898c35dd4d37e0e, type: 3}
      propertyPath: m_Name
      value: Platform (8)
      objectReference: {fileID: 0}
    - target: {fileID: 3178109674306021845, guid: 1ddf66da12c748c47898c35dd4d37e0e, type: 3}
      propertyPath: m_LocalPosition.x
      value: -20
      objectReference: {fileID: 0}
    - target: {fileID: 3178109674306021845, guid: 1ddf66da12c748c47898c35dd4d37e0e, type: 3}
      propertyPath: m_LocalPosition.y
      value: 0
      objectReference: {fileID: 0}
    - target: {fileID: 3178109674306021845, guid: 1ddf66da12c748c47898c35dd4d37e0e, type: 3}
      propertyPath: m_LocalPosition.z
      value: -70
      objectReference: {fileID: 0}
    - target: {fileID: 3178109674306021845, guid: 1ddf66da12c748c47898c35dd4d37e0e, type: 3}
      propertyPath: m_LocalRotation.x
      value: -0
      objectReference: {fileID: 0}
    - target: {fileID: 3178109674306021845, guid: 1ddf66da12c748c47898c35dd4d37e0e, type: 3}
      propertyPath: m_LocalRotation.y
      value: -0
      objectReference: {fileID: 0}
    - target: {fileID: 3178109674306021845, guid: 1ddf66da12c748c47898c35dd4d37e0e, type: 3}
      propertyPath: m_LocalRotation.z
      value: -0
      objectReference: {fileID: 0}
    - target: {fileID: 3178109674306021845, guid: 1ddf66da12c748c47898c35dd4d37e0e, type: 3}
      propertyPath: m_LocalRotation.w
      value: 1
      objectReference: {fileID: 0}
    - target: {fileID: 3178109674306021845, guid: 1ddf66da12c748c47898c35dd4d37e0e, type: 3}
      propertyPath: m_RootOrder
      value: 9
      objectReference: {fileID: 0}
    - target: {fileID: 3178109674306021845, guid: 1ddf66da12c748c47898c35dd4d37e0e, type: 3}
      propertyPath: m_LocalEulerAnglesHint.x
      value: 0
      objectReference: {fileID: 0}
    - target: {fileID: 3178109674306021845, guid: 1ddf66da12c748c47898c35dd4d37e0e, type: 3}
      propertyPath: m_LocalEulerAnglesHint.y
      value: 0
      objectReference: {fileID: 0}
    - target: {fileID: 3178109674306021845, guid: 1ddf66da12c748c47898c35dd4d37e0e, type: 3}
      propertyPath: m_LocalEulerAnglesHint.z
      value: 0
      objectReference: {fileID: 0}
    - target: {fileID: 3178109674306021845, guid: 1ddf66da12c748c47898c35dd4d37e0e, type: 3}
      propertyPath: m_LocalScale.x
      value: 10
      objectReference: {fileID: 0}
    - target: {fileID: 3178109674306021845, guid: 1ddf66da12c748c47898c35dd4d37e0e, type: 3}
      propertyPath: m_LocalScale.y
      value: 10
      objectReference: {fileID: 0}
    - target: {fileID: 3178109674306021845, guid: 1ddf66da12c748c47898c35dd4d37e0e, type: 3}
      propertyPath: m_LocalScale.z
      value: 10
      objectReference: {fileID: 0}
    m_RemovedComponents: []
  m_SourcePrefab: {fileID: 100100000, guid: 1ddf66da12c748c47898c35dd4d37e0e, type: 3}
--- !u!4 &8927669740364351781 stripped
Transform:
  m_CorrespondingSourceObject: {fileID: 3178109674306021845, guid: 1ddf66da12c748c47898c35dd4d37e0e, type: 3}
  m_PrefabInstance: {fileID: 6340960226448367856}
  m_PrefabAsset: {fileID: 0}
--- !u!1001 &6345924136911551594
PrefabInstance:
  m_ObjectHideFlags: 0
  serializedVersion: 2
  m_Modification:
    m_TransformParent: {fileID: 7892656363077000868}
    m_Modifications:
    - target: {fileID: 3178109674306021834, guid: 1ddf66da12c748c47898c35dd4d37e0e, type: 3}
      propertyPath: m_Name
      value: Platform (15)
      objectReference: {fileID: 0}
    - target: {fileID: 3178109674306021845, guid: 1ddf66da12c748c47898c35dd4d37e0e, type: 3}
      propertyPath: m_LocalPosition.x
      value: -70
      objectReference: {fileID: 0}
    - target: {fileID: 3178109674306021845, guid: 1ddf66da12c748c47898c35dd4d37e0e, type: 3}
      propertyPath: m_LocalPosition.y
      value: 0
      objectReference: {fileID: 0}
    - target: {fileID: 3178109674306021845, guid: 1ddf66da12c748c47898c35dd4d37e0e, type: 3}
      propertyPath: m_LocalPosition.z
      value: -20
      objectReference: {fileID: 0}
    - target: {fileID: 3178109674306021845, guid: 1ddf66da12c748c47898c35dd4d37e0e, type: 3}
      propertyPath: m_LocalRotation.x
      value: -0
      objectReference: {fileID: 0}
    - target: {fileID: 3178109674306021845, guid: 1ddf66da12c748c47898c35dd4d37e0e, type: 3}
      propertyPath: m_LocalRotation.y
      value: -0
      objectReference: {fileID: 0}
    - target: {fileID: 3178109674306021845, guid: 1ddf66da12c748c47898c35dd4d37e0e, type: 3}
      propertyPath: m_LocalRotation.z
      value: -0
      objectReference: {fileID: 0}
    - target: {fileID: 3178109674306021845, guid: 1ddf66da12c748c47898c35dd4d37e0e, type: 3}
      propertyPath: m_LocalRotation.w
      value: 1
      objectReference: {fileID: 0}
    - target: {fileID: 3178109674306021845, guid: 1ddf66da12c748c47898c35dd4d37e0e, type: 3}
      propertyPath: m_RootOrder
      value: 13
      objectReference: {fileID: 0}
    - target: {fileID: 3178109674306021845, guid: 1ddf66da12c748c47898c35dd4d37e0e, type: 3}
      propertyPath: m_LocalEulerAnglesHint.x
      value: 0
      objectReference: {fileID: 0}
    - target: {fileID: 3178109674306021845, guid: 1ddf66da12c748c47898c35dd4d37e0e, type: 3}
      propertyPath: m_LocalEulerAnglesHint.y
      value: 0
      objectReference: {fileID: 0}
    - target: {fileID: 3178109674306021845, guid: 1ddf66da12c748c47898c35dd4d37e0e, type: 3}
      propertyPath: m_LocalEulerAnglesHint.z
      value: 0
      objectReference: {fileID: 0}
    - target: {fileID: 3178109674306021845, guid: 1ddf66da12c748c47898c35dd4d37e0e, type: 3}
      propertyPath: m_LocalScale.x
      value: 10
      objectReference: {fileID: 0}
    - target: {fileID: 3178109674306021845, guid: 1ddf66da12c748c47898c35dd4d37e0e, type: 3}
      propertyPath: m_LocalScale.y
      value: 10
      objectReference: {fileID: 0}
    - target: {fileID: 3178109674306021845, guid: 1ddf66da12c748c47898c35dd4d37e0e, type: 3}
      propertyPath: m_LocalScale.z
      value: 10
      objectReference: {fileID: 0}
    m_RemovedComponents: []
  m_SourcePrefab: {fileID: 100100000, guid: 1ddf66da12c748c47898c35dd4d37e0e, type: 3}
--- !u!4 &8361963536637662655 stripped
Transform:
  m_CorrespondingSourceObject: {fileID: 3178109674306021845, guid: 1ddf66da12c748c47898c35dd4d37e0e, type: 3}
  m_PrefabInstance: {fileID: 6345924136911551594}
  m_PrefabAsset: {fileID: 0}
--- !u!1001 &6706135417652077351
PrefabInstance:
  m_ObjectHideFlags: 0
  serializedVersion: 2
  m_Modification:
    m_TransformParent: {fileID: 7892656363077000868}
    m_Modifications:
    - target: {fileID: 3178109674306021834, guid: 1ddf66da12c748c47898c35dd4d37e0e, type: 3}
      propertyPath: m_Name
      value: Platform (7)
      objectReference: {fileID: 0}
    - target: {fileID: 3178109674306021845, guid: 1ddf66da12c748c47898c35dd4d37e0e, type: 3}
      propertyPath: m_LocalPosition.x
      value: -20
      objectReference: {fileID: 0}
    - target: {fileID: 3178109674306021845, guid: 1ddf66da12c748c47898c35dd4d37e0e, type: 3}
      propertyPath: m_LocalPosition.y
      value: 0
      objectReference: {fileID: 0}
    - target: {fileID: 3178109674306021845, guid: 1ddf66da12c748c47898c35dd4d37e0e, type: 3}
      propertyPath: m_LocalPosition.z
      value: -60
      objectReference: {fileID: 0}
    - target: {fileID: 3178109674306021845, guid: 1ddf66da12c748c47898c35dd4d37e0e, type: 3}
      propertyPath: m_LocalRotation.x
      value: -0
      objectReference: {fileID: 0}
    - target: {fileID: 3178109674306021845, guid: 1ddf66da12c748c47898c35dd4d37e0e, type: 3}
      propertyPath: m_LocalRotation.y
      value: -0
      objectReference: {fileID: 0}
    - target: {fileID: 3178109674306021845, guid: 1ddf66da12c748c47898c35dd4d37e0e, type: 3}
      propertyPath: m_LocalRotation.z
      value: -0
      objectReference: {fileID: 0}
    - target: {fileID: 3178109674306021845, guid: 1ddf66da12c748c47898c35dd4d37e0e, type: 3}
      propertyPath: m_LocalRotation.w
      value: 1
      objectReference: {fileID: 0}
    - target: {fileID: 3178109674306021845, guid: 1ddf66da12c748c47898c35dd4d37e0e, type: 3}
      propertyPath: m_RootOrder
      value: 8
      objectReference: {fileID: 0}
    - target: {fileID: 3178109674306021845, guid: 1ddf66da12c748c47898c35dd4d37e0e, type: 3}
      propertyPath: m_LocalEulerAnglesHint.x
      value: 0
      objectReference: {fileID: 0}
    - target: {fileID: 3178109674306021845, guid: 1ddf66da12c748c47898c35dd4d37e0e, type: 3}
      propertyPath: m_LocalEulerAnglesHint.y
      value: 0
      objectReference: {fileID: 0}
    - target: {fileID: 3178109674306021845, guid: 1ddf66da12c748c47898c35dd4d37e0e, type: 3}
      propertyPath: m_LocalEulerAnglesHint.z
      value: 0
      objectReference: {fileID: 0}
    - target: {fileID: 3178109674306021845, guid: 1ddf66da12c748c47898c35dd4d37e0e, type: 3}
      propertyPath: m_LocalScale.x
      value: 10
      objectReference: {fileID: 0}
    - target: {fileID: 3178109674306021845, guid: 1ddf66da12c748c47898c35dd4d37e0e, type: 3}
      propertyPath: m_LocalScale.y
      value: 10
      objectReference: {fileID: 0}
    - target: {fileID: 3178109674306021845, guid: 1ddf66da12c748c47898c35dd4d37e0e, type: 3}
      propertyPath: m_LocalScale.z
      value: 10
      objectReference: {fileID: 0}
    m_RemovedComponents: []
  m_SourcePrefab: {fileID: 100100000, guid: 1ddf66da12c748c47898c35dd4d37e0e, type: 3}
--- !u!4 &8145344078879345394 stripped
Transform:
  m_CorrespondingSourceObject: {fileID: 3178109674306021845, guid: 1ddf66da12c748c47898c35dd4d37e0e, type: 3}
  m_PrefabInstance: {fileID: 6706135417652077351}
  m_PrefabAsset: {fileID: 0}
--- !u!1001 &6774813797252795512
PrefabInstance:
  m_ObjectHideFlags: 0
  serializedVersion: 2
  m_Modification:
    m_TransformParent: {fileID: 7892656363077000868}
    m_Modifications:
    - target: {fileID: 3178109674306021834, guid: 1ddf66da12c748c47898c35dd4d37e0e, type: 3}
      propertyPath: m_Name
      value: Platform (26)
      objectReference: {fileID: 0}
    - target: {fileID: 3178109674306021845, guid: 1ddf66da12c748c47898c35dd4d37e0e, type: 3}
      propertyPath: m_LocalPosition.x
      value: -140
      objectReference: {fileID: 0}
    - target: {fileID: 3178109674306021845, guid: 1ddf66da12c748c47898c35dd4d37e0e, type: 3}
      propertyPath: m_LocalPosition.y
      value: 0
      objectReference: {fileID: 0}
    - target: {fileID: 3178109674306021845, guid: 1ddf66da12c748c47898c35dd4d37e0e, type: 3}
      propertyPath: m_LocalPosition.z
      value: 40
      objectReference: {fileID: 0}
    - target: {fileID: 3178109674306021845, guid: 1ddf66da12c748c47898c35dd4d37e0e, type: 3}
      propertyPath: m_LocalRotation.x
      value: -0
      objectReference: {fileID: 0}
    - target: {fileID: 3178109674306021845, guid: 1ddf66da12c748c47898c35dd4d37e0e, type: 3}
      propertyPath: m_LocalRotation.y
      value: -0
      objectReference: {fileID: 0}
    - target: {fileID: 3178109674306021845, guid: 1ddf66da12c748c47898c35dd4d37e0e, type: 3}
      propertyPath: m_LocalRotation.z
      value: -0
      objectReference: {fileID: 0}
    - target: {fileID: 3178109674306021845, guid: 1ddf66da12c748c47898c35dd4d37e0e, type: 3}
      propertyPath: m_LocalRotation.w
      value: 1
      objectReference: {fileID: 0}
    - target: {fileID: 3178109674306021845, guid: 1ddf66da12c748c47898c35dd4d37e0e, type: 3}
      propertyPath: m_RootOrder
      value: 22
      objectReference: {fileID: 0}
    - target: {fileID: 3178109674306021845, guid: 1ddf66da12c748c47898c35dd4d37e0e, type: 3}
      propertyPath: m_LocalEulerAnglesHint.x
      value: 0
      objectReference: {fileID: 0}
    - target: {fileID: 3178109674306021845, guid: 1ddf66da12c748c47898c35dd4d37e0e, type: 3}
      propertyPath: m_LocalEulerAnglesHint.y
      value: 0
      objectReference: {fileID: 0}
    - target: {fileID: 3178109674306021845, guid: 1ddf66da12c748c47898c35dd4d37e0e, type: 3}
      propertyPath: m_LocalEulerAnglesHint.z
      value: 0
      objectReference: {fileID: 0}
    - target: {fileID: 3178109674306021845, guid: 1ddf66da12c748c47898c35dd4d37e0e, type: 3}
      propertyPath: m_LocalScale.x
      value: 10
      objectReference: {fileID: 0}
    - target: {fileID: 3178109674306021845, guid: 1ddf66da12c748c47898c35dd4d37e0e, type: 3}
      propertyPath: m_LocalScale.y
      value: 10
      objectReference: {fileID: 0}
    - target: {fileID: 3178109674306021845, guid: 1ddf66da12c748c47898c35dd4d37e0e, type: 3}
      propertyPath: m_LocalScale.z
      value: 10
      objectReference: {fileID: 0}
    m_RemovedComponents: []
  m_SourcePrefab: {fileID: 100100000, guid: 1ddf66da12c748c47898c35dd4d37e0e, type: 3}
--- !u!4 &8223028283878745517 stripped
Transform:
  m_CorrespondingSourceObject: {fileID: 3178109674306021845, guid: 1ddf66da12c748c47898c35dd4d37e0e, type: 3}
  m_PrefabInstance: {fileID: 6774813797252795512}
  m_PrefabAsset: {fileID: 0}
--- !u!1001 &7175778817641996454
PrefabInstance:
  m_ObjectHideFlags: 0
  serializedVersion: 2
  m_Modification:
    m_TransformParent: {fileID: 7892656363077000868}
    m_Modifications:
    - target: {fileID: 3178109674306021834, guid: 1ddf66da12c748c47898c35dd4d37e0e, type: 3}
      propertyPath: m_Name
      value: Platform (21)
      objectReference: {fileID: 0}
    - target: {fileID: 3178109674306021845, guid: 1ddf66da12c748c47898c35dd4d37e0e, type: 3}
      propertyPath: m_LocalPosition.x
      value: -110
      objectReference: {fileID: 0}
    - target: {fileID: 3178109674306021845, guid: 1ddf66da12c748c47898c35dd4d37e0e, type: 3}
      propertyPath: m_LocalPosition.y
      value: 5
      objectReference: {fileID: 0}
    - target: {fileID: 3178109674306021845, guid: 1ddf66da12c748c47898c35dd4d37e0e, type: 3}
      propertyPath: m_LocalPosition.z
      value: 30
      objectReference: {fileID: 0}
    - target: {fileID: 3178109674306021845, guid: 1ddf66da12c748c47898c35dd4d37e0e, type: 3}
      propertyPath: m_LocalRotation.x
      value: -0
      objectReference: {fileID: 0}
    - target: {fileID: 3178109674306021845, guid: 1ddf66da12c748c47898c35dd4d37e0e, type: 3}
      propertyPath: m_LocalRotation.y
      value: -0
      objectReference: {fileID: 0}
    - target: {fileID: 3178109674306021845, guid: 1ddf66da12c748c47898c35dd4d37e0e, type: 3}
      propertyPath: m_LocalRotation.z
      value: -0
      objectReference: {fileID: 0}
    - target: {fileID: 3178109674306021845, guid: 1ddf66da12c748c47898c35dd4d37e0e, type: 3}
      propertyPath: m_LocalRotation.w
      value: 1
      objectReference: {fileID: 0}
    - target: {fileID: 3178109674306021845, guid: 1ddf66da12c748c47898c35dd4d37e0e, type: 3}
      propertyPath: m_RootOrder
      value: 17
      objectReference: {fileID: 0}
    - target: {fileID: 3178109674306021845, guid: 1ddf66da12c748c47898c35dd4d37e0e, type: 3}
      propertyPath: m_LocalEulerAnglesHint.x
      value: 0
      objectReference: {fileID: 0}
    - target: {fileID: 3178109674306021845, guid: 1ddf66da12c748c47898c35dd4d37e0e, type: 3}
      propertyPath: m_LocalEulerAnglesHint.y
      value: 0
      objectReference: {fileID: 0}
    - target: {fileID: 3178109674306021845, guid: 1ddf66da12c748c47898c35dd4d37e0e, type: 3}
      propertyPath: m_LocalEulerAnglesHint.z
      value: 0
      objectReference: {fileID: 0}
    - target: {fileID: 3178109674306021845, guid: 1ddf66da12c748c47898c35dd4d37e0e, type: 3}
      propertyPath: m_LocalScale.x
      value: 10
      objectReference: {fileID: 0}
    - target: {fileID: 3178109674306021845, guid: 1ddf66da12c748c47898c35dd4d37e0e, type: 3}
      propertyPath: m_LocalScale.y
      value: 10
      objectReference: {fileID: 0}
    - target: {fileID: 3178109674306021845, guid: 1ddf66da12c748c47898c35dd4d37e0e, type: 3}
      propertyPath: m_LocalScale.z
      value: 10
      objectReference: {fileID: 0}
    m_RemovedComponents: []
  m_SourcePrefab: {fileID: 100100000, guid: 1ddf66da12c748c47898c35dd4d37e0e, type: 3}
--- !u!4 &5732964926040623475 stripped
Transform:
  m_CorrespondingSourceObject: {fileID: 3178109674306021845, guid: 1ddf66da12c748c47898c35dd4d37e0e, type: 3}
  m_PrefabInstance: {fileID: 7175778817641996454}
  m_PrefabAsset: {fileID: 0}
--- !u!1001 &7515200655882965459
PrefabInstance:
  m_ObjectHideFlags: 0
  serializedVersion: 2
  m_Modification:
    m_TransformParent: {fileID: 7892656363077000868}
    m_Modifications:
    - target: {fileID: 3178109674306021834, guid: 1ddf66da12c748c47898c35dd4d37e0e, type: 3}
      propertyPath: m_Name
      value: Platform (5)
      objectReference: {fileID: 0}
    - target: {fileID: 3178109674306021845, guid: 1ddf66da12c748c47898c35dd4d37e0e, type: 3}
      propertyPath: m_LocalPosition.x
      value: -20
      objectReference: {fileID: 0}
    - target: {fileID: 3178109674306021845, guid: 1ddf66da12c748c47898c35dd4d37e0e, type: 3}
      propertyPath: m_LocalPosition.y
      value: 5
      objectReference: {fileID: 0}
    - target: {fileID: 3178109674306021845, guid: 1ddf66da12c748c47898c35dd4d37e0e, type: 3}
      propertyPath: m_LocalPosition.z
      value: -40
      objectReference: {fileID: 0}
    - target: {fileID: 3178109674306021845, guid: 1ddf66da12c748c47898c35dd4d37e0e, type: 3}
      propertyPath: m_LocalRotation.x
      value: -0
      objectReference: {fileID: 0}
    - target: {fileID: 3178109674306021845, guid: 1ddf66da12c748c47898c35dd4d37e0e, type: 3}
      propertyPath: m_LocalRotation.y
      value: -0
      objectReference: {fileID: 0}
    - target: {fileID: 3178109674306021845, guid: 1ddf66da12c748c47898c35dd4d37e0e, type: 3}
      propertyPath: m_LocalRotation.z
      value: -0
      objectReference: {fileID: 0}
    - target: {fileID: 3178109674306021845, guid: 1ddf66da12c748c47898c35dd4d37e0e, type: 3}
      propertyPath: m_LocalRotation.w
      value: 1
      objectReference: {fileID: 0}
    - target: {fileID: 3178109674306021845, guid: 1ddf66da12c748c47898c35dd4d37e0e, type: 3}
      propertyPath: m_RootOrder
      value: 6
      objectReference: {fileID: 0}
    - target: {fileID: 3178109674306021845, guid: 1ddf66da12c748c47898c35dd4d37e0e, type: 3}
      propertyPath: m_LocalEulerAnglesHint.x
      value: 0
      objectReference: {fileID: 0}
    - target: {fileID: 3178109674306021845, guid: 1ddf66da12c748c47898c35dd4d37e0e, type: 3}
      propertyPath: m_LocalEulerAnglesHint.y
      value: 0
      objectReference: {fileID: 0}
    - target: {fileID: 3178109674306021845, guid: 1ddf66da12c748c47898c35dd4d37e0e, type: 3}
      propertyPath: m_LocalEulerAnglesHint.z
      value: 0
      objectReference: {fileID: 0}
    - target: {fileID: 3178109674306021845, guid: 1ddf66da12c748c47898c35dd4d37e0e, type: 3}
      propertyPath: m_LocalScale.x
      value: 10
      objectReference: {fileID: 0}
    - target: {fileID: 3178109674306021845, guid: 1ddf66da12c748c47898c35dd4d37e0e, type: 3}
      propertyPath: m_LocalScale.y
      value: 10
      objectReference: {fileID: 0}
    - target: {fileID: 3178109674306021845, guid: 1ddf66da12c748c47898c35dd4d37e0e, type: 3}
      propertyPath: m_LocalScale.z
      value: 10
      objectReference: {fileID: 0}
    m_RemovedComponents: []
  m_SourcePrefab: {fileID: 100100000, guid: 1ddf66da12c748c47898c35dd4d37e0e, type: 3}
--- !u!4 &4922912426729535494 stripped
Transform:
  m_CorrespondingSourceObject: {fileID: 3178109674306021845, guid: 1ddf66da12c748c47898c35dd4d37e0e, type: 3}
  m_PrefabInstance: {fileID: 7515200655882965459}
  m_PrefabAsset: {fileID: 0}
--- !u!1001 &8246040369727402233
PrefabInstance:
  m_ObjectHideFlags: 0
  serializedVersion: 2
  m_Modification:
    m_TransformParent: {fileID: 7892656363077000868}
    m_Modifications:
    - target: {fileID: 3178109674306021834, guid: 1ddf66da12c748c47898c35dd4d37e0e, type: 3}
      propertyPath: m_Name
      value: Platform (10)
      objectReference: {fileID: 0}
    - target: {fileID: 3178109674306021845, guid: 1ddf66da12c748c47898c35dd4d37e0e, type: 3}
      propertyPath: m_LocalPosition.x
      value: -40
      objectReference: {fileID: 0}
    - target: {fileID: 3178109674306021845, guid: 1ddf66da12c748c47898c35dd4d37e0e, type: 3}
      propertyPath: m_LocalPosition.y
      value: 0
      objectReference: {fileID: 0}
    - target: {fileID: 3178109674306021845, guid: 1ddf66da12c748c47898c35dd4d37e0e, type: 3}
      propertyPath: m_LocalPosition.z
      value: -80
      objectReference: {fileID: 0}
    - target: {fileID: 3178109674306021845, guid: 1ddf66da12c748c47898c35dd4d37e0e, type: 3}
      propertyPath: m_LocalRotation.x
      value: -0
      objectReference: {fileID: 0}
    - target: {fileID: 3178109674306021845, guid: 1ddf66da12c748c47898c35dd4d37e0e, type: 3}
      propertyPath: m_LocalRotation.y
      value: -0
      objectReference: {fileID: 0}
    - target: {fileID: 3178109674306021845, guid: 1ddf66da12c748c47898c35dd4d37e0e, type: 3}
      propertyPath: m_LocalRotation.z
      value: -0
      objectReference: {fileID: 0}
    - target: {fileID: 3178109674306021845, guid: 1ddf66da12c748c47898c35dd4d37e0e, type: 3}
      propertyPath: m_LocalRotation.w
      value: 1
      objectReference: {fileID: 0}
    - target: {fileID: 3178109674306021845, guid: 1ddf66da12c748c47898c35dd4d37e0e, type: 3}
      propertyPath: m_RootOrder
      value: 10
      objectReference: {fileID: 0}
    - target: {fileID: 3178109674306021845, guid: 1ddf66da12c748c47898c35dd4d37e0e, type: 3}
      propertyPath: m_LocalEulerAnglesHint.x
      value: 0
      objectReference: {fileID: 0}
    - target: {fileID: 3178109674306021845, guid: 1ddf66da12c748c47898c35dd4d37e0e, type: 3}
      propertyPath: m_LocalEulerAnglesHint.y
      value: 0
      objectReference: {fileID: 0}
    - target: {fileID: 3178109674306021845, guid: 1ddf66da12c748c47898c35dd4d37e0e, type: 3}
      propertyPath: m_LocalEulerAnglesHint.z
      value: 0
      objectReference: {fileID: 0}
    - target: {fileID: 3178109674306021845, guid: 1ddf66da12c748c47898c35dd4d37e0e, type: 3}
      propertyPath: m_LocalScale.x
      value: 10
      objectReference: {fileID: 0}
    - target: {fileID: 3178109674306021845, guid: 1ddf66da12c748c47898c35dd4d37e0e, type: 3}
      propertyPath: m_LocalScale.y
      value: 10
      objectReference: {fileID: 0}
    - target: {fileID: 3178109674306021845, guid: 1ddf66da12c748c47898c35dd4d37e0e, type: 3}
      propertyPath: m_LocalScale.z
      value: 10
      objectReference: {fileID: 0}
    m_RemovedComponents: []
  m_SourcePrefab: {fileID: 100100000, guid: 1ddf66da12c748c47898c35dd4d37e0e, type: 3}
--- !u!4 &6806412313602545964 stripped
Transform:
  m_CorrespondingSourceObject: {fileID: 3178109674306021845, guid: 1ddf66da12c748c47898c35dd4d37e0e, type: 3}
  m_PrefabInstance: {fileID: 8246040369727402233}
  m_PrefabAsset: {fileID: 0}
--- !u!1001 &8318471943701138072
PrefabInstance:
  m_ObjectHideFlags: 0
  serializedVersion: 2
  m_Modification:
    m_TransformParent: {fileID: 7892656363077000868}
    m_Modifications:
    - target: {fileID: 1490816414995815146, guid: 2515b5710eac01b4bbdeec4467af8e66, type: 3}
      propertyPath: m_RootOrder
      value: 2
      objectReference: {fileID: 0}
    - target: {fileID: 2702678733521733737, guid: 2515b5710eac01b4bbdeec4467af8e66, type: 3}
      propertyPath: m_LocalPosition.x
      value: -140
      objectReference: {fileID: 0}
    - target: {fileID: 2702678733521733737, guid: 2515b5710eac01b4bbdeec4467af8e66, type: 3}
      propertyPath: m_LocalPosition.y
      value: 0
      objectReference: {fileID: 0}
    - target: {fileID: 2702678733521733737, guid: 2515b5710eac01b4bbdeec4467af8e66, type: 3}
      propertyPath: m_LocalPosition.z
      value: 10
      objectReference: {fileID: 0}
    - target: {fileID: 2702678733521733737, guid: 2515b5710eac01b4bbdeec4467af8e66, type: 3}
      propertyPath: m_LocalRotation.x
      value: -0
      objectReference: {fileID: 0}
    - target: {fileID: 2702678733521733737, guid: 2515b5710eac01b4bbdeec4467af8e66, type: 3}
      propertyPath: m_LocalRotation.y
      value: -0
      objectReference: {fileID: 0}
    - target: {fileID: 2702678733521733737, guid: 2515b5710eac01b4bbdeec4467af8e66, type: 3}
      propertyPath: m_LocalRotation.z
      value: -0
      objectReference: {fileID: 0}
    - target: {fileID: 2702678733521733737, guid: 2515b5710eac01b4bbdeec4467af8e66, type: 3}
      propertyPath: m_LocalRotation.w
      value: 1
      objectReference: {fileID: 0}
    - target: {fileID: 2702678733521733737, guid: 2515b5710eac01b4bbdeec4467af8e66, type: 3}
      propertyPath: m_RootOrder
      value: 23
      objectReference: {fileID: 0}
    - target: {fileID: 2702678733521733737, guid: 2515b5710eac01b4bbdeec4467af8e66, type: 3}
      propertyPath: m_LocalEulerAnglesHint.x
      value: 0
      objectReference: {fileID: 0}
    - target: {fileID: 2702678733521733737, guid: 2515b5710eac01b4bbdeec4467af8e66, type: 3}
      propertyPath: m_LocalEulerAnglesHint.y
      value: 0
      objectReference: {fileID: 0}
    - target: {fileID: 2702678733521733737, guid: 2515b5710eac01b4bbdeec4467af8e66, type: 3}
      propertyPath: m_LocalEulerAnglesHint.z
      value: 0
      objectReference: {fileID: 0}
    - target: {fileID: 2702678733521733750, guid: 2515b5710eac01b4bbdeec4467af8e66, type: 3}
      propertyPath: m_Name
      value: MovingPlatform (1)
      objectReference: {fileID: 0}
    - target: {fileID: 2979388302819430979, guid: 2515b5710eac01b4bbdeec4467af8e66, type: 3}
      propertyPath: speed
      value: 10
      objectReference: {fileID: 0}
    - target: {fileID: 2979388302819430979, guid: 2515b5710eac01b4bbdeec4467af8e66, type: 3}
      propertyPath: delayTime
      value: 0.75
      objectReference: {fileID: 0}
    m_RemovedComponents: []
  m_SourcePrefab: {fileID: 100100000, guid: 2515b5710eac01b4bbdeec4467af8e66, type: 3}
--- !u!4 &6264772982087664369 stripped
Transform:
  m_CorrespondingSourceObject: {fileID: 2702678733521733737, guid: 2515b5710eac01b4bbdeec4467af8e66, type: 3}
  m_PrefabInstance: {fileID: 8318471943701138072}
  m_PrefabAsset: {fileID: 0}
--- !u!1001 &8510526451600802275
PrefabInstance:
  m_ObjectHideFlags: 0
  serializedVersion: 2
  m_Modification:
    m_TransformParent: {fileID: 7892656363077000868}
    m_Modifications:
    - target: {fileID: 3178109674306021834, guid: 1ddf66da12c748c47898c35dd4d37e0e, type: 3}
      propertyPath: m_Name
      value: Platform (28)
      objectReference: {fileID: 0}
    - target: {fileID: 3178109674306021845, guid: 1ddf66da12c748c47898c35dd4d37e0e, type: 3}
      propertyPath: m_LocalPosition.x
      value: -210
      objectReference: {fileID: 0}
    - target: {fileID: 3178109674306021845, guid: 1ddf66da12c748c47898c35dd4d37e0e, type: 3}
      propertyPath: m_LocalPosition.y
      value: 0
      objectReference: {fileID: 0}
    - target: {fileID: 3178109674306021845, guid: 1ddf66da12c748c47898c35dd4d37e0e, type: 3}
      propertyPath: m_LocalPosition.z
      value: 0
      objectReference: {fileID: 0}
    - target: {fileID: 3178109674306021845, guid: 1ddf66da12c748c47898c35dd4d37e0e, type: 3}
      propertyPath: m_LocalRotation.x
      value: -0
      objectReference: {fileID: 0}
    - target: {fileID: 3178109674306021845, guid: 1ddf66da12c748c47898c35dd4d37e0e, type: 3}
      propertyPath: m_LocalRotation.y
      value: -0
      objectReference: {fileID: 0}
    - target: {fileID: 3178109674306021845, guid: 1ddf66da12c748c47898c35dd4d37e0e, type: 3}
      propertyPath: m_LocalRotation.z
      value: -0
      objectReference: {fileID: 0}
    - target: {fileID: 3178109674306021845, guid: 1ddf66da12c748c47898c35dd4d37e0e, type: 3}
      propertyPath: m_LocalRotation.w
      value: 1
      objectReference: {fileID: 0}
    - target: {fileID: 3178109674306021845, guid: 1ddf66da12c748c47898c35dd4d37e0e, type: 3}
      propertyPath: m_RootOrder
      value: 26
      objectReference: {fileID: 0}
    - target: {fileID: 3178109674306021845, guid: 1ddf66da12c748c47898c35dd4d37e0e, type: 3}
      propertyPath: m_LocalEulerAnglesHint.x
      value: 0
      objectReference: {fileID: 0}
    - target: {fileID: 3178109674306021845, guid: 1ddf66da12c748c47898c35dd4d37e0e, type: 3}
      propertyPath: m_LocalEulerAnglesHint.y
      value: 0
      objectReference: {fileID: 0}
    - target: {fileID: 3178109674306021845, guid: 1ddf66da12c748c47898c35dd4d37e0e, type: 3}
      propertyPath: m_LocalEulerAnglesHint.z
      value: 0
      objectReference: {fileID: 0}
    - target: {fileID: 3178109674306021845, guid: 1ddf66da12c748c47898c35dd4d37e0e, type: 3}
      propertyPath: m_LocalScale.x
      value: 10
      objectReference: {fileID: 0}
    - target: {fileID: 3178109674306021845, guid: 1ddf66da12c748c47898c35dd4d37e0e, type: 3}
      propertyPath: m_LocalScale.y
      value: 10
      objectReference: {fileID: 0}
    - target: {fileID: 3178109674306021845, guid: 1ddf66da12c748c47898c35dd4d37e0e, type: 3}
      propertyPath: m_LocalScale.z
      value: 10
      objectReference: {fileID: 0}
    m_RemovedComponents: []
  m_SourcePrefab: {fileID: 100100000, guid: 1ddf66da12c748c47898c35dd4d37e0e, type: 3}
--- !u!4 &6485640167100344374 stripped
Transform:
  m_CorrespondingSourceObject: {fileID: 3178109674306021845, guid: 1ddf66da12c748c47898c35dd4d37e0e, type: 3}
  m_PrefabInstance: {fileID: 8510526451600802275}
  m_PrefabAsset: {fileID: 0}
--- !u!1001 &8774615814601392267
PrefabInstance:
  m_ObjectHideFlags: 0
  serializedVersion: 2
  m_Modification:
    m_TransformParent: {fileID: 7892656363077000868}
    m_Modifications:
    - target: {fileID: 3178109674306021834, guid: 1ddf66da12c748c47898c35dd4d37e0e, type: 3}
      propertyPath: m_Name
      value: Platform (2)
      objectReference: {fileID: 0}
    - target: {fileID: 3178109674306021845, guid: 1ddf66da12c748c47898c35dd4d37e0e, type: 3}
      propertyPath: m_LocalPosition.x
      value: -30
      objectReference: {fileID: 0}
    - target: {fileID: 3178109674306021845, guid: 1ddf66da12c748c47898c35dd4d37e0e, type: 3}
      propertyPath: m_LocalPosition.y
      value: 0
      objectReference: {fileID: 0}
    - target: {fileID: 3178109674306021845, guid: 1ddf66da12c748c47898c35dd4d37e0e, type: 3}
      propertyPath: m_LocalPosition.z
      value: -20
      objectReference: {fileID: 0}
    - target: {fileID: 3178109674306021845, guid: 1ddf66da12c748c47898c35dd4d37e0e, type: 3}
      propertyPath: m_LocalRotation.x
      value: -0
      objectReference: {fileID: 0}
    - target: {fileID: 3178109674306021845, guid: 1ddf66da12c748c47898c35dd4d37e0e, type: 3}
      propertyPath: m_LocalRotation.y
      value: -0
      objectReference: {fileID: 0}
    - target: {fileID: 3178109674306021845, guid: 1ddf66da12c748c47898c35dd4d37e0e, type: 3}
      propertyPath: m_LocalRotation.z
      value: -0
      objectReference: {fileID: 0}
    - target: {fileID: 3178109674306021845, guid: 1ddf66da12c748c47898c35dd4d37e0e, type: 3}
      propertyPath: m_LocalRotation.w
      value: 1
      objectReference: {fileID: 0}
    - target: {fileID: 3178109674306021845, guid: 1ddf66da12c748c47898c35dd4d37e0e, type: 3}
      propertyPath: m_RootOrder
      value: 3
      objectReference: {fileID: 0}
    - target: {fileID: 3178109674306021845, guid: 1ddf66da12c748c47898c35dd4d37e0e, type: 3}
      propertyPath: m_LocalEulerAnglesHint.x
      value: 0
      objectReference: {fileID: 0}
    - target: {fileID: 3178109674306021845, guid: 1ddf66da12c748c47898c35dd4d37e0e, type: 3}
      propertyPath: m_LocalEulerAnglesHint.y
      value: 0
      objectReference: {fileID: 0}
    - target: {fileID: 3178109674306021845, guid: 1ddf66da12c748c47898c35dd4d37e0e, type: 3}
      propertyPath: m_LocalEulerAnglesHint.z
      value: 0
      objectReference: {fileID: 0}
    - target: {fileID: 3178109674306021845, guid: 1ddf66da12c748c47898c35dd4d37e0e, type: 3}
      propertyPath: m_LocalScale.x
      value: 10
      objectReference: {fileID: 0}
    - target: {fileID: 3178109674306021845, guid: 1ddf66da12c748c47898c35dd4d37e0e, type: 3}
      propertyPath: m_LocalScale.y
      value: 10
      objectReference: {fileID: 0}
    - target: {fileID: 3178109674306021845, guid: 1ddf66da12c748c47898c35dd4d37e0e, type: 3}
      propertyPath: m_LocalScale.z
      value: 10
      objectReference: {fileID: 0}
    m_RemovedComponents: []
  m_SourcePrefab: {fileID: 100100000, guid: 1ddf66da12c748c47898c35dd4d37e0e, type: 3}
--- !u!4 &6187765014047844702 stripped
Transform:
  m_CorrespondingSourceObject: {fileID: 3178109674306021845, guid: 1ddf66da12c748c47898c35dd4d37e0e, type: 3}
  m_PrefabInstance: {fileID: 8774615814601392267}
  m_PrefabAsset: {fileID: 0}
--- !u!1001 &9160306378078635925
PrefabInstance:
  m_ObjectHideFlags: 0
  serializedVersion: 2
  m_Modification:
    m_TransformParent: {fileID: 7892656363077000868}
    m_Modifications:
    - target: {fileID: 3178109674306021834, guid: 1ddf66da12c748c47898c35dd4d37e0e, type: 3}
      propertyPath: m_Name
      value: Platform (25)
      objectReference: {fileID: 0}
    - target: {fileID: 3178109674306021845, guid: 1ddf66da12c748c47898c35dd4d37e0e, type: 3}
      propertyPath: m_LocalPosition.x
      value: -130
      objectReference: {fileID: 0}
    - target: {fileID: 3178109674306021845, guid: 1ddf66da12c748c47898c35dd4d37e0e, type: 3}
      propertyPath: m_LocalPosition.y
      value: 0
      objectReference: {fileID: 0}
    - target: {fileID: 3178109674306021845, guid: 1ddf66da12c748c47898c35dd4d37e0e, type: 3}
      propertyPath: m_LocalPosition.z
      value: 50
      objectReference: {fileID: 0}
    - target: {fileID: 3178109674306021845, guid: 1ddf66da12c748c47898c35dd4d37e0e, type: 3}
      propertyPath: m_LocalRotation.x
      value: -0
      objectReference: {fileID: 0}
    - target: {fileID: 3178109674306021845, guid: 1ddf66da12c748c47898c35dd4d37e0e, type: 3}
      propertyPath: m_LocalRotation.y
      value: -0
      objectReference: {fileID: 0}
    - target: {fileID: 3178109674306021845, guid: 1ddf66da12c748c47898c35dd4d37e0e, type: 3}
      propertyPath: m_LocalRotation.z
      value: -0
      objectReference: {fileID: 0}
    - target: {fileID: 3178109674306021845, guid: 1ddf66da12c748c47898c35dd4d37e0e, type: 3}
      propertyPath: m_LocalRotation.w
      value: 1
      objectReference: {fileID: 0}
    - target: {fileID: 3178109674306021845, guid: 1ddf66da12c748c47898c35dd4d37e0e, type: 3}
      propertyPath: m_RootOrder
      value: 21
      objectReference: {fileID: 0}
    - target: {fileID: 3178109674306021845, guid: 1ddf66da12c748c47898c35dd4d37e0e, type: 3}
      propertyPath: m_LocalEulerAnglesHint.x
      value: 0
      objectReference: {fileID: 0}
    - target: {fileID: 3178109674306021845, guid: 1ddf66da12c748c47898c35dd4d37e0e, type: 3}
      propertyPath: m_LocalEulerAnglesHint.y
      value: 0
      objectReference: {fileID: 0}
    - target: {fileID: 3178109674306021845, guid: 1ddf66da12c748c47898c35dd4d37e0e, type: 3}
      propertyPath: m_LocalEulerAnglesHint.z
      value: 0
      objectReference: {fileID: 0}
    - target: {fileID: 3178109674306021845, guid: 1ddf66da12c748c47898c35dd4d37e0e, type: 3}
      propertyPath: m_LocalScale.x
      value: 10
      objectReference: {fileID: 0}
    - target: {fileID: 3178109674306021845, guid: 1ddf66da12c748c47898c35dd4d37e0e, type: 3}
      propertyPath: m_LocalScale.y
      value: 10
      objectReference: {fileID: 0}
    - target: {fileID: 3178109674306021845, guid: 1ddf66da12c748c47898c35dd4d37e0e, type: 3}
      propertyPath: m_LocalScale.z
      value: 10
      objectReference: {fileID: 0}
    m_RemovedComponents: []
  m_SourcePrefab: {fileID: 100100000, guid: 1ddf66da12c748c47898c35dd4d37e0e, type: 3}
--- !u!4 &5982218427721412160 stripped
Transform:
  m_CorrespondingSourceObject: {fileID: 3178109674306021845, guid: 1ddf66da12c748c47898c35dd4d37e0e, type: 3}
  m_PrefabInstance: {fileID: 9160306378078635925}
  m_PrefabAsset: {fileID: 0}
--- !u!1001 &9219568062100472494
PrefabInstance:
  m_ObjectHideFlags: 0
  serializedVersion: 2
  m_Modification:
    m_TransformParent: {fileID: 7892656363077000868}
    m_Modifications:
    - target: {fileID: 1490816414995815146, guid: 2515b5710eac01b4bbdeec4467af8e66, type: 3}
      propertyPath: m_RootOrder
      value: 2
      objectReference: {fileID: 0}
    - target: {fileID: 2702678733521733737, guid: 2515b5710eac01b4bbdeec4467af8e66, type: 3}
      propertyPath: m_LocalPosition.x
      value: -190
      objectReference: {fileID: 0}
    - target: {fileID: 2702678733521733737, guid: 2515b5710eac01b4bbdeec4467af8e66, type: 3}
      propertyPath: m_LocalPosition.y
      value: 0
      objectReference: {fileID: 0}
    - target: {fileID: 2702678733521733737, guid: 2515b5710eac01b4bbdeec4467af8e66, type: 3}
      propertyPath: m_LocalPosition.z
      value: -40
      objectReference: {fileID: 0}
    - target: {fileID: 2702678733521733737, guid: 2515b5710eac01b4bbdeec4467af8e66, type: 3}
      propertyPath: m_LocalRotation.x
      value: -0
      objectReference: {fileID: 0}
    - target: {fileID: 2702678733521733737, guid: 2515b5710eac01b4bbdeec4467af8e66, type: 3}
      propertyPath: m_LocalRotation.y
      value: -0
      objectReference: {fileID: 0}
    - target: {fileID: 2702678733521733737, guid: 2515b5710eac01b4bbdeec4467af8e66, type: 3}
      propertyPath: m_LocalRotation.z
      value: -0
      objectReference: {fileID: 0}
    - target: {fileID: 2702678733521733737, guid: 2515b5710eac01b4bbdeec4467af8e66, type: 3}
      propertyPath: m_LocalRotation.w
      value: 1
      objectReference: {fileID: 0}
    - target: {fileID: 2702678733521733737, guid: 2515b5710eac01b4bbdeec4467af8e66, type: 3}
      propertyPath: m_RootOrder
      value: 24
      objectReference: {fileID: 0}
    - target: {fileID: 2702678733521733737, guid: 2515b5710eac01b4bbdeec4467af8e66, type: 3}
      propertyPath: m_LocalEulerAnglesHint.x
      value: 0
      objectReference: {fileID: 0}
    - target: {fileID: 2702678733521733737, guid: 2515b5710eac01b4bbdeec4467af8e66, type: 3}
      propertyPath: m_LocalEulerAnglesHint.y
      value: 0
      objectReference: {fileID: 0}
    - target: {fileID: 2702678733521733737, guid: 2515b5710eac01b4bbdeec4467af8e66, type: 3}
      propertyPath: m_LocalEulerAnglesHint.z
      value: 0
      objectReference: {fileID: 0}
    - target: {fileID: 2702678733521733750, guid: 2515b5710eac01b4bbdeec4467af8e66, type: 3}
      propertyPath: m_Name
      value: MovingPlatform (2)
      objectReference: {fileID: 0}
    - target: {fileID: 2979388302819430979, guid: 2515b5710eac01b4bbdeec4467af8e66, type: 3}
      propertyPath: speed
      value: 10
      objectReference: {fileID: 0}
    - target: {fileID: 2979388302819430979, guid: 2515b5710eac01b4bbdeec4467af8e66, type: 3}
      propertyPath: delayTime
      value: 0.75
      objectReference: {fileID: 0}
    m_RemovedComponents: []
  m_SourcePrefab: {fileID: 100100000, guid: 2515b5710eac01b4bbdeec4467af8e66, type: 3}
--- !u!4 &6517741871049591495 stripped
Transform:
  m_CorrespondingSourceObject: {fileID: 2702678733521733737, guid: 2515b5710eac01b4bbdeec4467af8e66, type: 3}
  m_PrefabInstance: {fileID: 9219568062100472494}
  m_PrefabAsset: {fileID: 0}
